Workbook

Sheet LOTE 1 
B3: LOTE 1 | P3: ESTUDIO DE MERCADO | Y3: GRAFICO DE DISPERSIÓN | AA3: REGIONALIZACIÓN LOTE 1
B4: ITEM | C4: ESPECIFICACIÓN TÉCNICA | D4: UNIDAD DE MEDIDA (PRESENTACION) | E4: DIRECCIÓN REGIONAL BOGOTÁ | F4: GRUPO NACIONAL DE APOYO AL SISTEMA DE VERDAD JUSTICIA REPARACIÓN Y NO REPETICIÓN -SSF (BOGOTA) | G4: GRUPO NACIONAL GENETICA CONVENIO CONTRATO ICBF (BOGOTA) | H4: DIRECCIÓN REGIONAL NOROCCIDENTE | I4: DIRECCIÓN REGIONAL NORORIENTE | J4: DIRECCIÓN REGIONAL OCCIDENTE | K4: DIRECCIÓN REGIONAL SUROCCIDENTE | L4: DIRECCIÓN REGIONAL NORTE | M4: DIRECCIÓN REGIONAL SUR | N4: DIRECCIÓN REGIONAL ORIENTE | O4: CANTIDAD TOTAL ESTIMADA | P4: VALOR UNITARIO CON IVA | V4: HISTORICO 2022 | W4: VALOR UNITARIO ESTIMADO CON IVA | X4: VALOR TOTAL CON IVA | AA4: DIRECCIÓN REGIONAL BOGOTÁ | AB4: GRUPO NACIONAL DE APOYO AL SISTEMA DE VERDAD JUSTICIA REPARACIÓN Y NO REPETICIÓN -SSF (BOGOTA) | AC4: GRUPO NACIONAL GENETICA CONVENIO CONTRATO ICBF (BOGOTA) | AD4: DIRECCIÓN REGIONAL NOROCCIDENTE | AE4: DIRECCIÓN REGIONAL NORORIENTE | AF4: DIRECCIÓN REGIONAL OCCIDENTE | AG4: DIRECCIÓN REGIONAL SUROCCIDENTE | AH4: DIRECCIÓN REGIONAL NORTE | AI4: DIRECCIÓN REGIONAL SUR | AJ4: DIRECCIÓN REGIONAL ORIENTE
P5: ANNAR | Q5: AVANTIKA | R5: LAB BRANDS | S5: NORQUIMICOS | T5: QUIMITRONICA | U5: WACOL
B6: 1 | C6: Tubos capilares de microhematocritos sin heparina codificados con color azul. Desechables sin marca de calibración. | D6: Caja x 100 unidades | E6: 0 | F6: 0 | G6: 0 | H6: 0 | I6: 0 | J6: 0 | K6: 0 | L6: 0 | M6: 8 | N6: 0 | O6: =SUM(E6:N6) -> 8 | S6: 10472 | T6: 16755.2 | W6: =ROUND(GEOMEAN(P6:V6),0) -> 13246 | X6: =+W6*O6 -> 105968 | AA6: =+W6*E6 -> 0 | AB6: =+W6*F6 -> 0 | AC6: =+W6*G6 -> 0 | AD6: =+W6*H6 -> 0 | AE6: =+W6*I6 -> 0 | AF6: =+W6*J6 -> 0 | AG6: =+W6*K6 -> 0 | AH6: =+W6*L6 -> 0 | AI6: =+W6*M6 -> 105968 | AJ6: =+W6*N6 -> 0
B7: =1+B6 -> 2 | C7: Varilla o barra agitadora de vidrio de 25-30cm de longitud y de 6-8mm diámetro. | D7: Unidad | E7: 0 | F7: 0 | G7: 0 | H7: 0 | I7: 2 | J7: 0 | K7: 0 | L7: 0 | M7: 10 | N7: 0 | O7: =SUM(E7:N7) -> 12 | P7: 27489 | Q7: 27251 | R7: 11644.15 | T7: 4950.4 | W7: =ROUND(HARMEAN(P7:V7),0) -> 11082 | X7: =+W7*O7 -> 132984 | AA7: =+W7*E7 -> 0 | AB7: =+W7*F7 -> 0 | AC7: =+W7*G7 -> 0 | AD7: =+W7*H7 -> 0 | AE7: =+W7*I7 -> 22164 | AF7: =+W7*J7 -> 0 | AG7: =+W7*K7 -> 0 | AH7: =+W7*L7 -> 0 | AI7: =+W7*M7 -> 110820 | AJ7: =+W7*N7 -> 0
B8: =1+B7 -> 3 | C8: Chupa o Tetina de látex natural para pipetas pasteur, capacidad 2mL. | D8: Paquete x 100 unidades | E8: 3 | F8: 0 | G8: 0 | H8: 0 | I8: 0 | J8: 0 | K8: 0 | L8: 0 | M8: 0 | N8: 0 | O8: =SUM(E8:N8) -> 3 | S8: 714000 | T8: 1166200 | W8: =ROUND(HARMEAN(P8:V8),0) -> 885722 | X8: =+W8*O8 -> 2657166 | AA8: =+W8*E8 -> 2657166 | AB8: =+W8*F8 -> 0 | AC8: =+W8*G8 -> 0 | AD8: =+W8*H8 -> 0 | AE8: =+W8*I8 -> 0 | AF8: =+W8*J8 -> 0 | AG8: =+W8*K8 -> 0 | AH8: =+W8*L8 -> 0 | AI8: =+W8*M8 -> 0 | AJ8: =+W8*N8 -> 0
B9: =1+B8 -> 4 | C9: Cinta indicadora para esterilización por calor húmedo (autoclave) de 18-24mm de ancho y 50-60m de largo | D9: Rollo | E9: 13 | F9: 5 | G9: 6 | H9: 0 | I9: 11 | J9: 0 | K9: 0 | L9: 0 | M9: 2 | N9: 4 | O9: =SUM(E9:N9) -> 41 | S9: 55930 | T9: 89488 | W9: =ROUND(HARMEAN(P9:V9),0) -> 68837 | X9: =+W9*O9 -> 2822317 | AA9: =+W9*E9 -> 894881 | AB9: =+W9*F9 -> 344185 | AC9: =+W9*G9 -> 413022 | AD9: =+W9*H9 -> 0 | AE9: =+W9*I9 -> 757207 | AF9: =+W9*J9 -> 0 | AG9: =+W9*K9 -> 0 | AH9: =+W9*L9 -> 0 | AI9: =+W9*M9 -> 137674 | AJ9: =+W9*N9 -> 275348
B10: =1+B9 -> 5 | C10: Embudo analítico plástico de medida 100-110 mm diámetro del embudo x 140-200mm Largo total x 7-10 mm diamétro del vástago. | D10: Unidad | E10: 0 | F10: 0 | G10: 0 | H10: 0 | I10: 3 | J10: 0 | K10: 0 | L10: 0 | M10: 3 | N10: 0 | O10: =SUM(E10:N10) -> 6 | S10: 64260 | W10: =ROUND(GEOMEAN(P10:V10),0) -> 64260 | X10: =+W10*O10 -> 385560 | AA10: =+W10*E10 -> 0 | AB10: =+W10*F10 -> 0 | AC10: =+W10*G10 -> 0 | AD10: =+W10*H10 -> 0 | AE10: =+W10*I10 -> 192780 | AF10: =+W10*J10 -> 0 | AG10: =+W10*K10 -> 0 | AH10: =+W10*L10 -> 0 | AI10: =+W10*M10 -> 192780 | AJ10: =+W10*N10 -> 0
B11: =1+B10 -> 6 | C11: Embudo analítico plástico de medida 50-65 mm diámetro del embudo x 150-200 mm Largo total x 7-10 mm diámetro del vástago | D11: Unidad | E11: 0 | F11: 0 | G11: 0 | H11: 0 | I11: 0 | J11: 0 | K11: 0 | L11: 0 | M11: 5 | N11: 0 | O11: =SUM(E11:N11) -> 5 | S11: 52360 | W11: =ROUND(GEOMEAN(P11:V11),0) -> 52360 | X11: =+W11*O11 -> 261800 | AA11: =+W11*E11 -> 0 | AB11: =+W11*F11 -> 0 | AC11: =+W11*G11 -> 0 | AD11: =+W11*H11 -> 0 | AE11: =+W11*I11 -> 0 | AF11: =+W11*J11 -> 0 | AG11: =+W11*K11 -> 0 | AH11: =+W11*L11 -> 0 | AI11: =+W11*M11 -> 261800 | AJ11: =+W11*N11 -> 0
B12: =1+B11 -> 7 | C12: Escobillón de limpieza o churrusco para bureta de 10ml. Material: cerda y alambre. Dimensiones: Largo total 600- 800mm Diametro del cepillo 15-18mm | D12: unidad | E12: 0 | F12: 0 | G12: 0 | H12: 0 | I12: 0 | J12: 6 | K12: 26 | L12: 1 | M12: 0 | N12: 5 | O12: =SUM(E12:N12) -> 38 | T12: 13328 | W12: =ROUND(GEOMEAN(P12:V12),0) -> 13328 | X12: =+W12*O12 -> 506464 | AA12: =+W12*E12 -> 0 | AB12: =+W12*F12 -> 0 | AC12: =+W12*G12 -> 0 | AD12: =+W12*H12 -> 0 | AE12: =+W12*I12 -> 0 | AF12: =+W12*J12 -> 79968 | AG12: =+W12*K12 -> 346528 | AH12: =+W12*L12 -> 13328 | AI12: =+W12*M12 -> 0 | AJ12: =+W12*N12 -> 66640
B13: =1+B12 -> 8 | C13: Escobillón de limpieza o churrusco para pipeta de 2ml. Material: Lana/Nylon y alambre. Dimensiones: Largo total 390-650 Diámetro del cepillo 5-9 | D13: Unidad | E13: 0 | F13: 0 | G13: 5 | H13: 0 | I13: 0 | J13: 6 | K13: 6 | L13: 1 | M13: 4 | N13: 5 | O13: =SUM(E13:N13) -> 27 | T13: 11424 | W13: =ROUND(GEOMEAN(P13:V13),0) -> 11424 | X13: =+W13*O13 -> 308448 | AA13: =+W13*E13 -> 0 | AB13: =+W13*F13 -> 0 | AC13: =+W13*G13 -> 57120 | AD13: =+W13*H13 -> 0 | AE13: =+W13*I13 -> 0 | AF13: =+W13*J13 -> 68544 | AG13: =+W13*K13 -> 68544 | AH13: =+W13*L13 -> 11424 | AI13: =+W13*M13 -> 45696 | AJ13: =+W13*N13 -> 57120
B14: =1+B13 -> 9 | C14: Escobillón de limpieza o churrusco para pipeta de 5ml. Material: Lana/Nylon y alambre. Dimensiones: Largo total 450-800 Diámetro del cepillo 10-15 | D14: Unidad | E14: 0 | F14: 0 | G14: 0 | H14: 0 | I14: 0 | J14: 6 | K14: 6 | L14: 1 | M14: 4 | N14: 5 | O14: =SUM(E14:N14) -> 22 | Q14: 297500 | W14: =ROUND(GEOMEAN(P14:V14),0) -> 297500 | X14: =+W14*O14 -> 6545000 | AA14: =+W14*E14 -> 0 | AB14: =+W14*F14 -> 0 | AC14: =+W14*G14 -> 0 | AD14: =+W14*H14 -> 0 | AE14: =+W14*I14 -> 0 | AF14: =+W14*J14 -> 1785000 | AG14: =+W14*K14 -> 1785000 | AH14: =+W14*L14 -> 297500 | AI14: =+W14*M14 -> 1190000 | AJ14: =+W14*N14 -> 1487500
B15: =1+B14 -> 10 | C15: Espátula combinada doble, con cuchara con punta redonda y plana en acero inoxidable, no se oxidan en entornos ácidos, esterilizable en autoclave. Longitud 20 cm. | D15: Unidad | E15: 18 | F15: 2 | G15: 0 | H15: 5 | I15: 6 | J15: 0 | K15: 10 | L15: 0 | M15: 10 | N15: 2 | O15: =SUM(E15:N15) -> 53 | S15: 48790 | T15: 66640 | W15: =ROUND(GEOMEAN(P15:V15),0) -> 57021 | X15: =+W15*O15 -> 3022113 | AA15: =+W15*E15 -> 1026378 | AB15: =+W15*F15 -> 114042 | AC15: =+W15*G15 -> 0 | AD15: =+W15*H15 -> 285105 | AE15: =+W15*I15 -> 342126 | AF15: =+W15*J15 -> 0 | AG15: =+W15*K15 -> 570210 | AH15: =+W15*L15 -> 0 | AI15: =+W15*M15 -> 570210 | AJ15: =+W15*N15 -> 114042
B16: =1+B15 -> 11 | C16: Espátula combinada doble con punta redonda y plana en acero inoxidable, no se oxidan en entornos ácidos, esterilizable en autoclave. Longitud 20 cm. | D16: Unidad | E16: 12 | F16: 0 | G16: 0 | H16: 0 | I16: 0 | J16: 0 | K16: 0 | L16: 0 | M16: 5 | N16: 0 | O16: =SUM(E16:N16) -> 17 | S16: 46410 | W16: =ROUND(GEOMEAN(P16:V16),0) -> 46410 | X16: =+W16*O16 -> 788970 | AA16: =+W16*E16 -> 556920 | AB16: =+W16*F16 -> 0 | AC16: =+W16*G16 -> 0 | AD16: =+W16*H16 -> 0 | AE16: =+W16*I16 -> 0 | AF16: =+W16*J16 -> 0 | AG16: =+W16*K16 -> 0 | AH16: =+W16*L16 -> 0 | AI16: =+W16*M16 -> 232050 | AJ16: =+W16*N16 -> 0
B17: =1+B16 -> 12 | C17: Espátula combinada doble, con cuchara con punta redonda y plana en acero inoxidable, no se oxidan en entornos ácidos, esterilizable en autoclave. Longitud 180 cm. | D17: Unidad | E17: 0 | F17: 0 | G17: 0 | H17: 0 | I17: 6 | J17: 0 | K17: 0 | L17: 0 | M17: 5 | N17: 0 | O17: =SUM(E17:N17) -> 11 | S17: 52360 | T17: 73780 | W17: =ROUND(GEOMEAN(P17:V17),0) -> 62154 | X17: =+W17*O17 -> 683694 | AA17: =+W17*E17 -> 0 | AB17: =+W17*F17 -> 0 | AC17: =+W17*G17 -> 0 | AD17: =+W17*H17 -> 0 | AE17: =+W17*I17 -> 372924 | AF17: =+W17*J17 -> 0 | AG17: =+W17*K17 -> 0 | AH17: =+W17*L17 -> 0 | AI17: =+W17*M17 -> 310770 | AJ17: =+W17*N17 -> 0
B18: =1+B17 -> 13 | C18: Frasco en vidrio color ambar con gotero, capacidad 20 ml | D18: Unidad | E18: 5 | F18: 0 | G18: 0 | H18: 0 | I18: 0 | J18: 0 | K18: 5 | L18: 0 | M18: 6 | N18: 0 | O18: =SUM(E18:N18) -> 16 | Q18: 15827 | W18: =ROUND(GEOMEAN(P18:V18),0) -> 15827 | X18: =+W18*O18 -> 253232 | AA18: =+W18*E18 -> 79135 | AB18: =+W18*F18 -> 0 | AC18: =+W18*G18 -> 0 | AD18: =+W18*H18 -> 0 | AE18: =+W18*I18 -> 0 | AF18: =+W18*J18 -> 0 | AG18: =+W18*K18 -> 79135 | AH18: =+W18*L18 -> 0 | AI18: =+W18*M18 -> 94962 | AJ18: =+W18*N18 -> 0
B19: =1+B18 -> 14 | C19: Frasco en vidrio color ambar con gotero, capacidad 50 ml | D19: Unidad | E19: 11 | F19: 0 | G19: 0 | H19: 0 | I19: 0 | J19: 0 | K19: 10 | L19: 0 | M19: 10 | N19: 1 | O19: =SUM(E19:N19) -> 32 | R19: =44677*1.19 -> 53165.63 | T19: 9520 | W19: =ROUND(GEOMEAN(P19:V19),0) -> 22497 | X19: =+W19*O19 -> 719904 | AA19: =+W19*E19 -> 247467 | AB19: =+W19*F19 -> 0 | AC19: =+W19*G19 -> 0 | AD19: =+W19*H19 -> 0 | AE19: =+W19*I19 -> 0 | AF19: =+W19*J19 -> 0 | AG19: =+W19*K19 -> 224970 | AH19: =+W19*L19 -> 0 | AI19: =+W19*M19 -> 224970 | AJ19: =+W19*N19 -> 22497
B20: =1+B19 -> 15 | C20: Frasco en vidrio color ambar con gotero, capacidad 30 ml | D20: Unidad | E20: 1 | F20: 0 | G20: 0 | H20: 0 | I20: 0 | J20: 0 | L20: 0 | M20: 0 | N20: 0 | O20: =SUM(E20:N20) -> 1 | U20: =35000*1.19 -> 41650 | W20: =ROUND(GEOMEAN(P20:V20),0) -> 41650 | X20: =+W20*O20 -> 41650 | AA20: =+W20*E20 -> 41650 | AB20: =+W20*F20 -> 0 | AC20: =+W20*G20 -> 0 | AD20: =+W20*H20 -> 0 | AE20: =+W20*I20 -> 0 | AF20: =+W20*J20 -> 0 | AG20: =+W20*K20 -> 0 | AH20: =+W20*L20 -> 0 | AI20: =+W20*M20 -> 0 | AJ20: =+W20*N20 -> 0
B21: =1+B20 -> 16 | C21: Frasco Lavador de laboratorio, de polietileno, capacidad 250 mL, incoloro, con boquilla o tubo rígido tipo cuello de cisne, medidas: 17,5cm x 6cm aproximadamente | D21: Unidad | E21: 10 | F21: 0 | G21: 0 | H21: 0 | I21: 2 | J21: 0 | K21: 20 | L21: 0 | M21: 12 | N21: 0 | O21: =SUM(E21:N21) -> 44 | R21: 18215.33 | T21: 24942.4 | W21: =ROUND(HARMEAN(P21:V21),0) -> 21055 | X21: =+W21*O21 -> 926420 | AA21: =+W21*E21 -> 210550 | AB21: =+W21*F21 -> 0 | AC21: =+W21*G21 -> 0 | AD21: =+W21*H21 -> 0 | AE21: =+W21*I21 -> 42110 | AF21: =+W21*J21 -> 0 | AG21: =+W21*K21 -> 421100 | AH21: =+W21*L21 -> 0 | AI21: =+W21*M21 -> 252660 | AJ21: =+W21*N21 -> 0
B22: =1+B21 -> 17 | C22: Lapiz punta de diamante para escritura sobre vidrio | D22: Unidad | E22: 0 | F22: 0 | G22: 0 | H22: 2 | I22: 6 | J22: 0 | K22: 0 | L22: 12 | M22: 0 | N22: 1 | O22: =SUM(E22:N22) -> 21 | Q22: 220031 | T22: 304640 | W22: =ROUND(HARMEAN(P22:V22),0) -> 255513 | X22: =+W22*O22 -> 5365773 | AA22: =+W22*E22 -> 0 | AB22: =+W22*F22 -> 0 | AC22: =+W22*G22 -> 0 | AD22: =+W22*H22 -> 511026 | AE22: =+W22*I22 -> 1533078 | AF22: =+W22*J22 -> 0 | AG22: =+W22*K22 -> 0 | AH22: =+W22*L22 -> 3066156 | AI22: =+W22*M22 -> 0 | AJ22: =+W22*N22 -> 255513
B23: =1+B22 -> 18 | C23: Papel parafilm caja standard de 4 pulgadas, (aproximadamente 10 cm) de ancho y mínimo 38.1 metros (Aproximadamente 125 pies) de largo. | D23: Rollo | E23: 13 | F23: 2 | G23: 0 | H23: 0 | I23: 2 | J23: 1 | K23: 2 | L23: 2 | M23: 6 | N23: 0 | O23: =SUM(E23:N23) -> 28 | S23: 221340 | T23: 283696 | W23: =ROUND(GEOMEAN(P23:V23),0) -> 250586 | X23: =+W23*O23 -> 7016408 | AA23: =+W23*E23 -> 3257618 | AB23: =+W23*F23 -> 501172 | AC23: =+W23*G23 -> 0 | AD23: =+W23*H23 -> 0 | AE23: =+W23*I23 -> 501172 | AF23: =+W23*J23 -> 250586 | AG23: =+W23*K23 -> 501172 | AH23: =+W23*L23 -> 501172 | AI23: =+W23*M23 -> 1503516 | AJ23: =+W23*N23 -> 0
B24: =1+B23 -> 19 | C24: Papel vinipel | D24: Rollo*100m largo x 30cm ancho | E24: 11 | F24: 0 | G24: 0 | H24: 3 | I24: 0 | J24: 0 | K24: 3 | L24: 1 | M24: 10 | N24: 0 | O24: =SUM(E24:N24) -> 28 | S24: 14994 | W24: =ROUND(GEOMEAN(P24:V24),0) -> 14994 | X24: =+W24*O24 -> 419832 | AA24: =+W24*E24 -> 164934 | AB24: =+W24*F24 -> 0 | AC24: =+W24*G24 -> 0 | AD24: =+W24*H24 -> 44982 | AE24: =+W24*I24 -> 0 | AF24: =+W24*J24 -> 0 | AG24: =+W24*K24 -> 44982 | AH24: =+W24*L24 -> 14994 | AI24: =+W24*M24 -> 149940 | AJ24: =+W24*N24 -> 0
B25: =1+B24 -> 20 | C25: Pesasustancias cuadradas o hexagonales en poliestireno antiestático, biológicamente inerte, color natural con capacidad aproximada de 100 ml | D25: Paquete de 500 unidades | E25: 15 | F25: 0 | G25: 0 | H25: 3 | I25: 0 | J25: 0 | K25: 0 | L25: 1 | M25: 0 | N25: 0 | O25: =SUM(E25:N25) -> 19 | Q25: 740180 | S25: 565250 | W25: =ROUND(GEOMEAN(P25:V25),0) -> 646828 | X25: =+W25*O25 -> 12289732 | AA25: =+W25*E25 -> 9702420 | AB25: =+W25*F25 -> 0 | AC25: =+W25*G25 -> 0 | AD25: =+W25*H25 -> 1940484 | AE25: =+W25*I25 -> 0 | AF25: =+W25*J25 -> 0 | AG25: =+W25*K25 -> 0 | AH25: =+W25*L25 -> 646828 | AI25: =+W25*M25 -> 0 | AJ25: =+W25*N25 -> 0
B26: =1+B25 -> 21 | C26: Pesasustancias cuadradas o hexagonales en poliestireno antiestático, biológicamente inerte, color natural con capacidad aproximada de 250 ml | D26: Paquete de 500 unidades | E26: 7 | F26: 1 | G26: 0 | H26: 0 | I26: 0 | J26: 0 | K26: 0 | L26: 1 | M26: 0 | N26: 0 | O26: =SUM(E26:N26) -> 9 | S26: 910350 | W26: =ROUND(GEOMEAN(P26:V26),0) -> 910350 | X26: =+W26*O26 -> 8193150 | AA26: =+W26*E26 -> 6372450 | AB26: =+W26*F26 -> 910350 | AC26: =+W26*G26 -> 0 | AD26: =+W26*H26 -> 0 | AE26: =+W26*I26 -> 0 | AF26: =+W26*J26 -> 0 | AG26: =+W26*K26 -> 0 | AH26: =+W26*L26 -> 910350 | AI26: =+W26*M26 -> 0 | AJ26: =+W26*N26 -> 0
B27: =1+B26 -> 22 | C27: Pesasustancias cuadradas o hexagonales en poliestireno antiestático, biológicamente inerte, color natural con capacidad aproximada de 7 ml. | D27: Paquete de 500 unidades | E27: 0 | F27: 0 | G27: 0 | H27: 3 | I27: 0 | J27: 0 | K27: 0 | L27: 1 | M27: 5 | N27: 0 | O27: =SUM(E27:N27) -> 9 | S27: 327250 | W27: =ROUND(GEOMEAN(P27:V27),0) -> 327250 | X27: =+W27*O27 -> 2945250 | AA27: =+W27*E27 -> 0 | AB27: =+W27*F27 -> 0 | AC27: =+W27*G27 -> 0 | AD27: =+W27*H27 -> 981750 | AE27: =+W27*I27 -> 0 | AF27: =+W27*J27 -> 0 | AG27: =+W27*K27 -> 0 | AH27: =+W27*L27 -> 327250 | AI27: =+W27*M27 -> 1636250 | AJ27: =+W27*N27 -> 0
B28: =1+B27 -> 23 | C28: Pinza de disección de 14 cm, en acero inoxidable, sin garra , sin estrias, autoclavables y de punta fina . | D28: Unidad | E28: 0 | F28: 6 | G28: 0 | H28: 60 | I28: 3 | J28: 0 | K28: 0 | L28: 0 | M28: 2 | N28: 6 | O28: =SUM(E28:N28) -> 77 | Q28: 49028 | W28: =ROUND(GEOMEAN(P28:V28),0) -> 49028 | X28: =+W28*O28 -> 3775156 | AA28: =+W28*E28 -> 0 | AB28: =+W28*F28 -> 294168 | AC28: =+W28*G28 -> 0 | AD28: =+W28*H28 -> 2941680 | AE28: =+W28*I28 -> 147084 | AF28: =+W28*J28 -> 0 | AG28: =+W28*K28 -> 0 | AH28: =+W28*L28 -> 0 | AI28: =+W28*M28 -> 98056 | AJ28: =+W28*N28 -> 294168
B29: =1+B28 -> 24 | C29: Pinzas de disección de 14 cm aproximadamente, en acero inoxidable, de punta redonda , sin garra y con estrías . | D29: Unidad | E29: 0 | F29: 6 | G29: 0 | H29: 65 | I29: 6 | J29: 0 | K29: 0 | L29: 0 | M29: 0 | N29: 6 | O29: =SUM(E29:N29) -> 83 | Q29: 11662 | W29: =ROUND(GEOMEAN(P29:V29),0) -> 11662 | X29: =+W29*O29 -> 967946 | AA29: =+W29*E29 -> 0 | AB29: =+W29*F29 -> 69972 | AC29: =+W29*G29 -> 0 | AD29: =+W29*H29 -> 758030 | AE29: =+W29*I29 -> 69972 | AF29: =+W29*J29 -> 0 | AG29: =+W29*K29 -> 0 | AH29: =+W29*L29 -> 0 | AI29: =+W29*M29 -> 0 | AJ29: =+W29*N29 -> 69972
B30: =1+B29 -> 25 | C30: Reloj con Temporizador / timer para laboratorio: Digital, con dos o tres temporizadores independientes, que realice conteo del tiempo de forma ascendente y descendente, la medición del tiempo hasta 99 horas 59 minutos, 59 segundos, alarma con durabilidad de 1 minuto cuando el contabilizador llegue a cero, con capacidad de memoria, con clip de fijacion magnetica para superficies metálicas. Tipo Boe 220 Jumbo. | D30: Unidad | E30: 2 | F30: 0 | G30: 0 | H30: 0 | I30: 0 | J30: 0 | K30: 0 | L30: 2 | M30: 3 | N30: 0 | O30: =SUM(E30:N30) -> 7 | Q30: 679728 | W30: =ROUND(GEOMEAN(P30:V30),0) -> 679728 | X30: =+W30*O30 -> 4758096 | AA30: =+W30*E30 -> 1359456 | AB30: =+W30*F30 -> 0 | AC30: =+W30*G30 -> 0 | AD30: =+W30*H30 -> 0 | AE30: =+W30*I30 -> 0 | AF30: =+W30*J30 -> 0 | AG30: =+W30*K30 -> 0 | AH30: =+W30*L30 -> 1359456 | AI30: =+W30*M30 -> 2039184 | AJ30: =+W30*N30 -> 0
B31: =1+B30 -> 26 | C31: Tapa de vidrio para desecador, 32 cm de diametro. | D31: Unidad | E31: 0 | F31: 0 | G31: 0 | H31: 1 | I31: 0 | J31: 0 | K31: 0 | L31: 0 | M31: 0 | N31: 0 | O31: =SUM(E31:N31) -> 1 | Q31: 1643509 | W31: =ROUND(GEOMEAN(P31:V31),0) -> 1643509 | X31: =+W31*O31 -> 1643509 | AA31: =+W31*E31 -> 0 | AB31: =+W31*F31 -> 0 | AC31: =+W31*G31 -> 0 | AD31: =+W31*H31 -> 1643509 | AE31: =+W31*I31 -> 0 | AF31: =+W31*J31 -> 0 | AG31: =+W31*K31 -> 0 | AH31: =+W31*L31 -> 0 | AI31: =+W31*M31 -> 0 | AJ31: =+W31*N31 -> 0
B32: =1+B31 -> 27 | C32: Tijeras de mayo punta fina, recta de 13 a 16 cm de longitud, en acero inoxidable. | D32: Unidad | E32: 45 | F32: 6 | G32: 0 | H32: 5 | I32: 3 | J32: 0 | K32: 0 | L32: 0 | M32: 6 | N32: 13 | O32: =SUM(E32:N32) -> 78 | Q32: 119714 | W32: =ROUND(GEOMEAN(P32:V32),0) -> 119714 | X32: =+W32*O32 -> 9337692 | AA32: =+W32*E32 -> 5387130 | AB32: =+W32*F32 -> 718284 | AC32: =+W32*G32 -> 0 | AD32: =+W32*H32 -> 598570 | AE32: =+W32*I32 -> 359142 | AF32: =+W32*J32 -> 0 | AG32: =+W32*K32 -> 0 | AH32: =+W32*L32 -> 0 | AI32: =+W32*M32 -> 718284 | AJ32: =+W32*N32 -> 1556282
B33: =1+B32 -> 28 | C33: Toallas de papel libre de fibra (Lint Free), para laboratorio tipo Kimwipes. | D33: Paquete de 280 toallas | E33: 0 | F33: 0 | G33: 0 | H33: 0 | I33: 1 | J33: 4 | K33: 2 | L33: 20 | M33: 1 | N33: 0 | O33: =SUM(E33:N33) -> 28 | S33: 103530 | T33: 165648 | W33: =ROUND(GEOMEAN(P33:V33),0) -> 130956 | X33: =+W33*O33 -> 3666768 | AA33: =+W33*E33 -> 0 | AB33: =+W33*F33 -> 0 | AC33: =+W33*G33 -> 0 | AD33: =+W33*H33 -> 0 | AE33: =+W33*I33 -> 130956 | AF33: =+W33*J33 -> 523824 | AG33: =+W33*K33 -> 261912 | AH33: =+W33*L33 -> 2619120 | AI33: =+W33*M33 -> 130956 | AJ33: =+W33*N33 -> 0
B34: =1+B33 -> 29 | C34: Lancetas estériles desechables (para obtención de muestras de sangre) con mecanismo de disparo automático al contacto; cuerpo y tapa en plástico, que cubra/resguarde la aguja (tipo lanceta para glucómetro) | D34: Caja X 100 | E34: 5 | F34: 10 | G34: 50 | H34: 9 | I34: 30 | K34: 10 | L34: 3 | M34: 4 | N34: 25 | O34: =+E34+F34+G34+H34+I34+K34+L34+M34+N34 -> 146 | P34: =64800*1.19 -> 77112 | W34: =ROUND(GEOMEAN(P34:V34),0) -> 77112 | X34: =+W34*O34 -> 11258352 | AA34: =+W34*E34 -> 385560 | AB34: =+W34*F34 -> 771120 | AC34: =+W34*G34 -> 3855600 | AD34: =+W34*H34 -> 694008 | AE34: =+W34*I34 -> 2313360 | AF34: =+W34*J34 -> 0 | AG34: =+W34*K34 -> 771120 | AH34: =+W34*L34 -> 231336 | AI34: =+W34*M34 -> 308448 | AJ34: =+W34*N34 -> 1927800
B35: TOTAL ESTIMADO LOTE 1 | X35: =SUM(X6:X34) -> 91799354 | AA35: =SUM(AA6:AA34) -> 32343715 | AB35: =SUM(AB6:AB34) -> 3723293 | AC35: =SUM(AC6:AC34) -> 4325742 | AD35: =SUM(AD6:AD34) -> 10399144 | AE35: =SUM(AE6:AE34) -> 6784075 | AF35: =SUM(AF6:AF34) -> 2707922 | AG35: =SUM(AG6:AG34) -> 5074673 | AH35: =SUM(AH6:AH34) -> 9998914 | ... AJ35: =SUM(AJ6:AJ34) -> 6126882
AA36: =+AJ35+AI35+AH35+AG35+AD35+AF35+AE35+AC35+AB35+AA35 -> 91799354
C37: CLASIFICACIÓN DEL BIEN O SERVICIO DE ACUERDO CON EL CLASIFICADOR DE BIENES Y SERVICIOS | D37: 42281800 24112600 40161500 41104900 41121800 41122400 41122800 41111600 41104800 41121700
C38: CALIDAD MINIMA | D38: No aplica
C39: PATRONES DE DESEMPEÑO MINIMOS | D39: No aplica

Sheet LOTE 2
B2: LOTE 2 | P2: ESTUDIO DE MERCADO | X2: GRAFICO DE DISPERSIÓN | Z2: REGIONALIZACIÓN LOTE 2
B3: ITEM | C3: ESPECIFICACIÓN TÉCNICA | D3: UNIDAD DE MEDIDA (PRESENTACION) | E3: DIRECCIÓN REGIONAL BOGOTÁ | F3: GRUPO NACIONAL DE APOYO AL SISTEMA DE VERDAD JUSTICIA REPARACIÓN Y NO REPETICIÓN -SSF (BOGOTA) | G3: GRUPO NACIONAL DE CIENCIAS FORENSES (BOGOTA) | H3: DIRECCIÓN REGIONAL NOROCCIDENTE | I3: DIRECCIÓN REGIONAL NORORIENTE | J3: DIRECCIÓN REGIONAL OCCIDENTE | K3: DIRECCIÓN REGIONAL SUROCCIDENTE | L3: DIRECCIÓN REGIONAL NORTE | M3: DIRECCIÓN REGIONAL SUR | N3: DIRECCIÓN REGIONAL ORIENTE | O3: CANTIDAD TOTAL | P3: VALOR UNITARIO CON IVA | U3: HISTORICO 2022 | V3: VALOR UNITARIO ESTIMADO CON IVA | W3: VALOR TOTAL CON IVA | Z3: DIRECCIÓN REGIONAL BOGOTÁ | AA3: GRUPO NACIONAL DE APOYO AL SISTEMA DE VERDAD JUSTICIA REPARACIÓN Y NO REPETICIÓN -SSF (BOGOTA) | AB3: GRUPO NACIONAL DE CIENCIAS FORENSES (BOGOTA) | AC3: DIRECCIÓN REGIONAL NOROCCIDENTE | AD3: DIRECCIÓN REGIONAL NORORIENTE | AE3: DIRECCIÓN REGIONAL OCCIDENTE | AF3: DIRECCIÓN REGIONAL SUROCCIDENTE | AG3: DIRECCIÓN REGIONAL NORTE | AH3: DIRECCIÓN REGIONAL SUR | AI3: DIRECCIÓN REGIONAL ORIENTE
P4: ANNAR | Q4: AVANTIKA | R4: LAB BRANDS | S4: NORQUIMICOS | T4: QUIMITRONICA
B5: 30 | C5: Balón volumétrico o aforado de 10 mL, clase A. | D5: Unidad | E5: 21 | F5: 0 | G5: 0 | H5: 5 | I5: 0 | J5: 5 | K5: 30 | L5: 20 | M5: 5 | N5: 5 | O5: =SUM(E5:N5) -> 91 | P5: 73304 | R5: 46008.97 | S5: 42840 | T5: 66937.5 | U5: =(29100)*((1+13.12/100)) -> 32917.92 | V5: =ROUND(HARMEAN(P5:U5),0) -> 48060 | W5: =+V5*O5 -> 4373460 | Z5: =+V5*E5 -> 1009260 | AA5: =+V5*F5 -> 0 | AB5: =+V5*G5 -> 0 | AC5: =+V5*H5 -> 240300 | AD5: =+V5*I5 -> 0 | AE5: =+V5*J5 -> 240300 | AF5: =+V5*K5 -> 1441800 | AG5: =+V5*L5 -> 961200 | AH5: =+V5*M5 -> 240300 | AI5: =+V5*N5 -> 240300
B6: =1+B5 -> 31 | C6: Balón volumétrico o aforado de 100 mL, clase A | D6: Unidad | E6: 21 | F6: 0 | G6: 0 | H6: 0 | I6: 10 | J6: 0 | K6: 20 | L6: 20 | M6: 0 | N6: 0 | O6: =SUM(E6:N6) -> 71 | P6: 113883 | R6: =49812*1.19 -> 59276.28 | S6: 56525 | T6: 108706.5 | U6: =(37008)*((1+13.12/100)) -> 41863.45 | V6: =ROUND(HARMEAN(P6:U6),0) -> 65420 | W6: =+V6*O6 -> 4644820 | Z6: =+V6*E6 -> 1373820 | AA6: =+V6*F6 -> 0 | AB6: =+V6*G6 -> 0 | AC6: =+V6*H6 -> 0 | AD6: =+V6*I6 -> 654200 | AE6: =+V6*J6 -> 0 | AF6: =+V6*K6 -> 1308400 | AG6: =+V6*L6 -> 1308400 | AH6: =+V6*M6 -> 0 | AI6: =+V6*N6 -> 0
B7: =1+B6 -> 32 | C7: Balón volumétrico o aforado de 5 mL, clase A | D7: Unidad | E7: 21 | F7: 0 | G7: 0 | H7: 15 | I7: 0 | J7: 0 | K7: 20 | L7: 20 | M7: 5 | N7: 0 | O7: =SUM(E7:N7) -> 81 | P7: 138754 | R7: 43570.66 | S7: 42840 | T7: 65688 | U7: =(27900)*((1+13.12/100)) -> 31560.48 | V7: =ROUND(HARMEAN(P7:U7),0) -> 49796 | W7: =+V7*O7 -> 4033476 | Z7: =+V7*E7 -> 1045716 | AA7: =+V7*F7 -> 0 | AB7: =+V7*G7 -> 0 | AC7: =+V7*H7 -> 746940 | AD7: =+V7*I7 -> 0 | AE7: =+V7*J7 -> 0 | AF7: =+V7*K7 -> 995920 | AG7: =+V7*L7 -> 995920 | AH7: =+V7*M7 -> 248980 | AI7: =+V7*N7 -> 0
B8: =1+B7 -> 33 | C8: Matraz aforado clase A de 100 mL con certificado de calibración individual (con un año de vigencia) | D8: Unidad | E8: 0 | F8: 0 | G8: 0 | H8: 0 | J8: 0 | K8: 0 | L8: 1 | M8: 3 | N8: 0 | O8: =SUM(E8:N8) -> 4 | P8: 65450 | R8: 297276.19 | S8: 56525 | T8: 90440 | U8: =(78000)*((1+13.12/100)) -> 88233.6 | V8: =ROUND(HARMEAN(P8:U8),0) -> 85143 | W8: =+V8*O8 -> 340572 | Z8: =+V8*E8 -> 0 | AA8: =+V8*F8 -> 0 | AB8: =+V8*G8 -> 0 | AC8: =+V8*H8 -> 0 | AD8: =+V8*I8 -> 0 | AE8: =+V8*J8 -> 0 | AF8: =+V8*K8 -> 0 | AG8: =+V8*L8 -> 85143 | AH8: =+V8*M8 -> 255429 | AI8: =+V8*N8 -> 0
B9: =1+B8 -> 34 | C9: Matraz aforado clase A de 2000 mL con certificado de calibración individual (con un año de vigencia) | D9: Unidad | E9: 0 | F9: 0 | G9: 0 | H9: 0 | I9: 2 | J9: 0 | K9: 0 | L9: 0 | M9: 3 | N9: 0 | O9: =SUM(E9:N9) -> 5 | P9: 324632 | R9: 381158.92 | S9: 208250 | T9: 333200 | U9: =(220000)*((1+13.12/100)) -> 248864 | V9: =ROUND(HARMEAN(P9:U9),0) -> 285301 | W9: =+V9*O9 -> 1426505 | Z9: =+V9*E9 -> 0 | AA9: =+V9*F9 -> 0 | AB9: =+V9*G9 -> 0 | AC9: =+V9*H9 -> 0 | AD9: =+V9*I9 -> 570602 | AE9: =+V9*J9 -> 0 | AF9: =+V9*K9 -> 0 | AG9: =+V9*L9 -> 0 | AH9: =+V9*M9 -> 855903 | AI9: =+V9*N9 -> 0
B10: =1+B9 -> 35 | C10: Matraz aforado clase A de 5 mL con certificado de calibración individual | D10: Unidad | E10: 5 | F10: 0 | G10: 0 | H10: 0 | J10: 0 | K10: 10 | L10: 1 | M10: 10 | N10: 0 | O10: =SUM(E10:N10) -> 26 | P10: 138754 | R10: 281570.43 | S10: 42840 | T10: 68544 | U10: =(50013)*((1+13.12/100)) -> 56574.706 | V10: =ROUND(HARMEAN(P10:U10),0) -> 75340 | W10: =+V10*O10 -> 1958840 | Z10: =+V10*E10 -> 376700 | AA10: =+V10*F10 -> 0 | AB10: =+V10*G10 -> 0 | AC10: =+V10*H10 -> 0 | AD10: =+V10*I10 -> 0 | AE10: =+V10*J10 -> 0 | AF10: =+V10*K10 -> 753400 | AG10: =+V10*L10 -> 75340 | AH10: =+V10*M10 -> 753400 | AI10: =+V10*N10 -> 0
B11: =1+B10 -> 36 | C11: Matraz aforado clase A de 50 mL con certificado de calibración individual | D11: Unidad | E11: 0 | F11: 0 | G11: 0 | H11: 0 | J11: 0 | K11: 5 | L11: 1 | M11: 0 | N11: 0 | O11: =SUM(E11:N11) -> 6 | P11: 79849 | R11: =257276*1.19 -> 306158.44 | S11: 52003 | T11: 83204.8 | U11: =(54500)*((1+13.12/100)) -> 61650.4 | V11: =ROUND(HARMEAN(P11:U11),0) -> 79041 | W11: =+V11*O11 -> 474246 | Z11: =+V11*E11 -> 0 | AA11: =+V11*F11 -> 0 | AB11: =+V11*G11 -> 0 | AC11: =+V11*H11 -> 0 | AD11: =+V11*I11 -> 0 | AE11: =+V11*J11 -> 0 | AF11: =+V11*K11 -> 395205 | AG11: =+V11*L11 -> 79041 | AH11: =+V11*M11 -> 0 | AI11: =+V11*N11 -> 0
B12: =1+B11 -> 37 | C12: Mortero de porcelana con pistilo, aprox. Entre 10 y 15 cm de diámetro | D12: Unidad | E12: 0 | F12: 0 | G12: 0 | H12: 11 | I12: 4 | J12: 0 | K12: 4 | L12: 4 | M12: 8 | N12: 0 | O12: =SUM(E12:N12) -> 31 | S12: 76160 | V12: =ROUND(GEOMEAN(P12:U12),0) -> 76160 | W12: =+V12*O12 -> 2360960 | Z12: =+V12*E12 -> 0 | AA12: =+V12*F12 -> 0 | AB12: =+V12*G12 -> 0 | AC12: =+V12*H12 -> 837760 | AD12: =+V12*I12 -> 304640 | AE12: =+V12*J12 -> 0 | AF12: =+V12*K12 -> 304640 | AG12: =+V12*L12 -> 304640 | AH12: =+V12*M12 -> 609280 | AI12: =+V12*N12 -> 0
B13: =1+B12 -> 38 | C13: Pipetas de vidrio tipo pasteur de 140-160 mm de longitud | D13: Caja x 250 unidades | E13: 29 | F13: 0 | G13: 0 | H13: 0 | I13: 0 | J13: 0 | K13: 4 | L13: 0 | M13: 2 | N13: 0 | O13: =SUM(E13:N13) -> 35 | P13: 113883 | S13: 66759 | T13: 111860 | U13: =(81798)*((1+13.12/100)) -> 92529.898 | V13: =ROUND(GEOMEAN(P13:U13),0) -> 94185 | W13: =+V13*O13 -> 3296475 | Z13: =+V13*E13 -> 2731365 | AA13: =+V13*F13 -> 0 | AB13: =+V13*G13 -> 0 | AC13: =+V13*H13 -> 0 | AD13: =+V13*I13 -> 0 | AE13: =+V13*J13 -> 0 | AF13: =+V13*K13 -> 376740 | AG13: =+V13*L13 -> 0 | AH13: =+V13*M13 -> 188370 | AI13: =+V13*N13 -> 0
B14: =1+B13 -> 39 | C14: Pipetas pasteur larga, 220 a 250 mm, vidrio sodico-calcico, no esteriles. | D14: Caja x 250 unidades | E14: 27 | F14: 0 | G14: 0 | H14: 12 | I14: 4 | J14: 0 | L14: 3 | M14: 16 | N14: 20 | O14: =SUM(E14:N14) -> 82 | P14: 117810 | S14: 66759 | T14: 95081 | U14: =(87504)*((1+13.12/100)) -> 98984.525 | V14: =ROUND(GEOMEAN(P14:U14),0) -> 92755 | W14: =+V14*O14 -> 7605910 | Z14: =+V14*E14 -> 2504385 | AA14: =+V14*F14 -> 0 | AB14: =+V14*G14 -> 0 | AC14: =+V14*H14 -> 1113060 | AD14: =+V14*I14 -> 371020 | AE14: =+V14*J14 -> 0 | AF14: =+V14*K14 -> 0 | AG14: =+V14*L14 -> 278265 | AH14: =+V14*M14 -> 1484080 | AI14: =+V14*N14 -> 1855100
B15: =1+B14 -> 40 | C15: Pipetas pasteur plástica no esteril longitud 155-160 mm con capacidad de 3 ml graduadas. | D15: Caja x 500 unidades | E15: 13 | F15: 0 | G15: 0 | H15: 31 | J15: 1 | K15: 6 | L15: 5 | M15: 6 | N15: 0 | O15: =SUM(E15:N15) -> 62 | R15: 62658.26 | S15: 77350 | T15: 123807.6 | U15: =(57000)*((1+13.12/100)) -> 64478.4 | V15: =ROUND(HARMEAN(P15:U15),0) -> 76228 | W15: =+V15*O15 -> 4726136 | Z15: =+V15*E15 -> 990964 | AA15: =+V15*F15 -> 0 | AB15: =+V15*G15 -> 0 | AC15: =+V15*H15 -> 2363068 | AD15: =+V15*I15 -> 0 | AE15: =+V15*J15 -> 76228 | AF15: =+V15*K15 -> 457368 | AG15: =+V15*L15 -> 381140 | AH15: =+V15*M15 -> 457368 | AI15: =+V15*N15 -> 0
B16: =1+B15 -> 41 | C16: Probeta de 1000 mL en vidrio y graduada., con pico, base de plastico o vidrio. | D16: Unidad | E16: 5 | F16: 0 | G16: 0 | H16: 0 | I16: 0 | J16: 0 | K16: 0 | L16: 0 | M16: 2 | N16: 0 | O16: =SUM(E16:N16) -> 7 | P16: 189805 | R16: 140339.08 | V16: =ROUND(GEOMEAN(P16:U16),0) -> 163209 | W16: =+V16*O16 -> 1142463 | Z16: =+V16*E16 -> 816045 | AA16: =+V16*F16 -> 0 | AB16: =+V16*G16 -> 0 | AC16: =+V16*H16 -> 0 | AD16: =+V16*I16 -> 0 | AE16: =+V16*J16 -> 0 | AF16: =+V16*K16 -> 0 | AG16: =+V16*L16 -> 0 | AH16: =+V16*M16 -> 326418 | AI16: =+V16*N16 -> 0
B17: =1+B16 -> 42 | C17: Tubo de ensayo en vidrio borosilicato, sin tapa, fondo redondo, de 13±1 x 100mm | D17: Unidad | E17: 0 | F17: 0 | G17: 0 | H17: 3000 | I17: 100 | J17: 0 | K17: 0 | L17: 0 | M17: 0 | N17: 0 | O17: =SUM(E17:N17) -> 3100 | R17: 4141.2 | S17: 1190 | T17: 1904 | V17: =ROUND(HARMEAN(P17:U17),0) -> 1867 | W17: =+V17*O17 -> 5787700 | Z17: =+V17*E17 -> 0 | AA17: =+V17*F17 -> 0 | AB17: =+V17*G17 -> 0 | AC17: =+V17*H17 -> 5601000 | AD17: =+V17*I17 -> 186700 | AE17: =+V17*J17 -> 0 | AF17: =+V17*K17 -> 0 | AG17: =+V17*L17 -> 0 | AH17: =+V17*M17 -> 0 | AI17: =+V17*N17 -> 0
B18: =1+B17 -> 43 | C18: Tubos de ensayo en vidrio (borosilicato) fondo redondo de 15 mL (16x150mm) con tapa rosca | D18: caja x 250 unidades | E18: 0 | F18: 0 | G18: 1 | H18: 0 | I18: 0 | J18: 0 | K18: 4 | L18: 2 | M18: 6 | N18: 2 | O18: =SUM(E18:N18) -> 15 | S18: 476000 | T18: 952000 | V18: =ROUND(HARMEAN(P18:U18),0) -> 634667 | W18: =+V18*O18 -> 9520005 | Z18: =+V18*E18 -> 0 | AA18: =+V18*F18 -> 0 | AB18: =+V18*G18 -> 634667 | AC18: =+V18*H18 -> 0 | AD18: =+V18*I18 -> 0 | AE18: =+V18*J18 -> 0 | AF18: =+V18*K18 -> 2538668 | AG18: =+V18*L18 -> 1269334 | AH18: =+V18*M18 -> 3808002 | AI18: =+V18*N18 -> 1269334
B19: =1+B18 -> 44 | C19: Tubos de ensayo en vidrio (borosilicato) fondo redondo de 7mL (13 x 100 mm) con tapa rosca | D19: caja x 250 unidades | E19: 0 | F19: 0 | G19: 0 | H19: 0 | I19: 1 | J19: 0 | K19: 0 | L19: 1 | M19: 3 | N19: 0 | O19: =SUM(E19:N19) -> 5 | S19: 476000 | T19: 952000 | V19: =ROUND(GEOMEAN(P19:U19),0) -> 673166 | W19: =+V19*O19 -> 3365830 | Z19: =+V19*E19 -> 0 | AA19: =+V19*F19 -> 0 | AB19: =+V19*G19 -> 0 | AC19: =+V19*H19 -> 0 | AD19: =+V19*I19 -> 673166 | AE19: =+V19*J19 -> 0 | AF19: =+V19*K19 -> 0 | AG19: =+V19*L19 -> 673166 | AH19: =+V19*M19 -> 2019498 | AI19: =+V19*N19 -> 0
B20: =1+B19 -> 45 | C20: Tubos de ensayo en vidrio borosilicato fondo redondo de 15 mL (15x150mm) sin tapa | D20: Caja x 250 unidades | E20: 0 | F20: 0 | G20: 0 | H20: 0 | I20: 0 | J20: 0 | K20: 0 | L20: 0 | M20: 10 | N20: 0 | O20: =SUM(E20:N20) -> 10 | S20: 404600 | T20: 809200 | V20: =ROUND(HARMEAN(P20:U20),0) -> 539467 | W20: =+V20*O20 -> 5394670 | Z20: =+V20*E20 -> 0 | AA20: =+V20*F20 -> 0 | AB20: =+V20*G20 -> 0 | AC20: =+V20*H20 -> 0 | AD20: =+V20*I20 -> 0 | AE20: =+V20*J20 -> 0 | AF20: =+V20*K20 -> 0 | AG20: =+V20*L20 -> 0 | AH20: =+V20*M20 -> 5394670 | AI20: =+V20*N20 -> 0
B21: =1+B20 -> 46 | C21: Tubos de ensayo de vidrio borosilicato, fondo redondo, de 16 mL (15/16-125mm) con tapa rosca. | D21: Unidad | E21: 0 | F21: 0 | G21: 0 | H21: 3000 | I21: 0 | J21: 0 | K21: 0 | L21: 0 | M21: 0 | N21: 0 | O21: =SUM(E21:N21) -> 3000 | S21: 3617.6 | T21: 7235.2 | V21: =ROUND(HARMEAN(P21:U21),0) -> 4823 | W21: =+V21*O21 -> 14469000 | Z21: =+V21*E21 -> 0 | AA21: =+V21*F21 -> 0 | AB21: =+V21*G21 -> 0 | AC21: =+V21*H21 -> 14469000 | AD21: =+V21*I21 -> 0 | AE21: =+V21*J21 -> 0 | AF21: =+V21*K21 -> 0 | AG21: =+V21*L21 -> 0 | AH21: =+V21*M21 -> 0 | AI21: =+V21*N21 -> 0
B22: =1+B21 -> 47 | C22: Tubos de ensayo en vidrio (borosilicato) fondo redondo de 10 mL (16x100mm) con tapa rosca. | D22: caja x 250 unidades | E22: 20 | F22: 0 | G22: 0 | H22: 0 | J22: 0 | K22: 4 | L22: 4 | M22: 0 | N22: 2 | O22: =SUM(E22:N22) -> 30 | S22: 618800 | T22: 1237600 | V22: =ROUND(GEOMEAN(P22:U22),0) -> 875115 | W22: =+V22*O22 -> 26253450 | Z22: =+V22*E22 -> 17502300 | AA22: =+V22*F22 -> 0 | AB22: =+V22*G22 -> 0 | AC22: =+V22*H22 -> 0 | AD22: =+V22*I22 -> 0 | AE22: =+V22*J22 -> 0 | AF22: =+V22*K22 -> 3500460 | AG22: =+V22*L22 -> 3500460 | AH22: =+V22*M22 -> 0 | AI22: =+V22*N22 -> 1750230
B23: =1+B22 -> 48 | C23: Vaso de precipitado (Beaker) de forma baja, con pico, graduado, resistente a altas temperaturas (en borosilicato), volumen nominal de 10 mL | D23: Unidad | E23: 32 | F23: 0 | G23: 0 | H23: 0 | I23: 0 | J23: 0 | K23: 10 | L23: 30 | M23: 0 | N23: 5 | O23: =SUM(E23:N23) -> 77 | R23: 19757.33 | S23: 11900 | T23: 19040 | V23: =ROUND(HARMEAN(P23:U23),0) -> 16028 | W23: =+V23*O23 -> 1234156 | Z23: =+V23*E23 -> 512896 | AA23: =+V23*F23 -> 0 | AB23: =+V23*G23 -> 0 | AC23: =+V23*H23 -> 0 | AD23: =+V23*I23 -> 0 | AE23: =+V23*J23 -> 0 | AF23: =+V23*K23 -> 160280 | AG23: =+V23*L23 -> 480840 | AH23: =+V23*M23 -> 0 | AI23: =+V23*N23 -> 80140
B24: =1+B23 -> 49 | C24: Vaso de precipitado (Beaker) de forma baja, con pico, graduado, resistente a altas temperaturas (en borosilicato), volumen nominal de 100 mL | D24: Unidad | E24: 40 | F24: 0 | G24: 0 | H24: 5 | I24: 30 | J24: 10 | K24: 10 | L24: 30 | M24: 100 | N24: 5 | O24: =SUM(E24:N24) -> 230 | P24: 18326 | R24: 14917.983 | S24: 9044 | T24: 14470.4 | U24: =(8100)*((1+13.12/100)) -> 9162.72 | V24: =ROUND(HARMEAN(P24:U24),0) -> 12183 | W24: =+V24*O24 -> 2802090 | Z24: =+V24*E24 -> 487320 | AA24: =+V24*F24 -> 0 | AB24: =+V24*G24 -> 0 | AC24: =+V24*H24 -> 60915 | AD24: =+V24*I24 -> 365490 | AE24: =+V24*J24 -> 121830 | AF24: =+V24*K24 -> 121830 | AG24: =+V24*L24 -> 365490 | AH24: =+V24*M24 -> 1218300 | AI24: =+V24*N24 -> 60915
B25: =1+B24 -> 50 | C25: Vaso de precipitado (Beaker) de forma baja, con pico, graduado, resistente a altas temperaturas (en borosilicato), volumen nominal de 1000 mL | D25: Unidad | E25: 10 | F25: 1 | G25: 0 | H25: 0 | I25: 5 | J25: 4 | K25: 10 | L25: 7 | M25: 6 | N25: 2 | O25: =SUM(E25:N25) -> 45 | P25: 53669 | R25: 31168.363 | S25: 27965 | T25: 44744 | U25: =(18300)*((1+13.12/100)) -> 20700.96 | V25: =ROUND(HARMEAN(P25:U25),0) -> 31820 | W25: =+V25*O25 -> 1431900 | Z25: =+V25*E25 -> 318200 | AA25: =+V25*F25 -> 31820 | AB25: =+V25*G25 -> 0 | AC25: =+V25*H25 -> 0 | AD25: =+V25*I25 -> 159100 | AE25: =+V25*J25 -> 127280 | AF25: =+V25*K25 -> 318200 | AG25: =+V25*L25 -> 222740 | AH25: =+V25*M25 -> 190920 | AI25: =+V25*N25 -> 63640
B26: =1+B25 -> 51 | C26: Vaso de precipitado (Beaker) de forma baja, con pico, graduado, resistente a altas temperaturas (en borosilicato), volumen nominal de 2000 mL | D26: Unidad | E26: 12 | F26: 1 | G26: 0 | H26: 0 | I26: 0 | J26: 0 | K26: 10 | L26: 6 | M26: 6 | N26: 0 | O26: =SUM(E26:N26) -> 35 | P26: 60214 | R26: 58556.351 | S26: 58310 | T26: 93296 | V26: =ROUND(GEOMEAN(P26:U26),0) -> 66179 | W26: =+V26*O26 -> 2316265 | Z26: =+V26*E26 -> 794148 | AA26: =+V26*F26 -> 66179 | AB26: =+V26*G26 -> 0 | AC26: =+V26*H26 -> 0 | AD26: =+V26*I26 -> 0 | AE26: =+V26*J26 -> 0 | AF26: =+V26*K26 -> 661790 | AG26: =+V26*L26 -> 397074 | AH26: =+V26*M26 -> 397074 | AI26: =+V26*N26 -> 0
B27: =1+B26 -> 52 | C27: Vaso de precipitado (Beaker) de forma baja, con pico, graduado, resistente a altas temperaturas (en borosilicato), volumen nominal de 250 mL | D27: Unidad | E27: 18 | F27: 0 | G27: 0 | H27: 0 | I27: 15 | J27: 0 | K27: 10 | L27: 12 | M27: 12 | N27: 5 | O27: =SUM(E27:N27) -> 72 | P27: 22253 | R27: 16608.654 | S27: 10591 | T27: 16945.6 | U27: =(8900)*((1+13.12/100)) -> 10067.68 | V27: =ROUND(HARMEAN(P27:U27),0) -> 13970 | W27: =+V27*O27 -> 1005840 | Z27: =+V27*E27 -> 251460 | AA27: =+V27*F27 -> 0 | AB27: =+V27*G27 -> 0 | AC27: =+V27*H27 -> 0 | AD27: =+V27*I27 -> 209550 | AE27: =+V27*J27 -> 0 | AF27: =+V27*K27 -> 139700 | AG27: =+V27*L27 -> 167640 | AH27: =+V27*M27 -> 167640 | AI27: =+V27*N27 -> 69850
B28: =1+B27 -> 53 | C28: Vaso de precipitado (Beaker) de forma baja, con pico, graduado, resistente a altas temperaturas (en borosilicato), volumen nominal de 50 mL | D28: Unidad | E28: 55 | F28: 0 | G28: 0 | H28: 0 | I28: 110 | J28: 20 | K28: 10 | L28: 30 | M28: 200 | N28: 5 | O28: =SUM(E28:N28) -> 430 | P28: 30107 | R28: 15499.052 | S28: 8687 | T28: 13899.2 | U28: =(6159)*((1+13.12/100)) -> 6967.0608 | V28: =ROUND(HARMEAN(P28:U28),0) -> 11673 | W28: =+V28*O28 -> 5019390 | Z28: =+V28*E28 -> 642015 | AA28: =+V28*F28 -> 0 | AB28: =+V28*G28 -> 0 | AC28: =+V28*H28 -> 0 | AD28: =+V28*I28 -> 1284030 | AE28: =+V28*J28 -> 233460 | AF28: =+V28*K28 -> 116730 | AG28: =+V28*L28 -> 350190 | AH28: =+V28*M28 -> 2334600 | AI28: =+V28*N28 -> 58365
B29: =1+B28 -> 54 | C29: Vaso de precipitado (Beaker) de forma baja, con pico, graduado, resistente a altas temperaturas (en borosilicato), volumen nominal de 500-600 mL | D29: Unidad | E29: 20 | F29: 0 | G29: 0 | H29: 0 | I29: 3 | J29: 0 | K29: 10 | L29: 7 | M29: 8 | N29: 5 | O29: =SUM(E29:N29) -> 53 | P29: 31416 | R29: 20353.733 | S29: 17255 | T29: 27608 | V29: =ROUND(HARMEAN(P29:U29),0) -> 22839 | W29: =+V29*O29 -> 1210467 | Z29: =+V29*E29 -> 456780 | AA29: =+V29*F29 -> 0 | AB29: =+V29*G29 -> 0 | AC29: =+V29*H29 -> 0 | AD29: =+V29*I29 -> 68517 | AE29: =+V29*J29 -> 0 | AF29: =+V29*K29 -> 228390 | AG29: =+V29*L29 -> 159873 | AH29: =+V29*M29 -> 182712 | AI29: =+V29*N29 -> 114195
B30: TOTAL ESTIMADO LOTE 2 | W30: =SUM(W5:W29) -> 116194626 | Z30: =SUM(Z5:Z29) -> 31813374 | AA30: =SUM(AA5:AA29) -> 97999 | AB30: =SUM(AB5:AB29) -> 634667 | AC30: =SUM(AC5:AC29) -> 25432043 | AD30: =SUM(AD5:AD29) -> 4847015 | AE30: =SUM(AE5:AE29) -> 799098 | AF30: =SUM(AF5:AF29) -> 13819521 | AG30: =SUM(AG5:AG29) -> 12055896 | ... AI30: =SUM(AI5:AI29) -> 5562069
Z31: =+Z30+AA30+AB30+AC30+AD30+AE30+AF30+AG30+AH30+AI30 -> 116194626
C32: CLASIFICACIÓN DEL BIEN O SERVICIO DE ACUERDO CON EL CLASIFICADOR DE BIENES Y SERVICIOS | D32: 42281800 24112600 40161500 41104900 41121800 41122400 41122800 41111600 41104800 41121700
C33: CALIDAD MINIMA | D33: No aplica
C34: PATRONES DE DESEMPEÑO MINIMOS | D34: No aplica

Sheet LOTE 3
B3: LOTE 3 | L3: ESTUDIO DE MERCADO | S3: GRAFICO DE DISPERSIÓN | V3: REGIONALIZACIÓN LOTE 3
B4: ITEM | C4: ESPECIFICACIÓN TÉCNICA | D4: UNIDAD DE MEDIDA (PRESENTACION) | E4: GRUPO NACIONAL DE APOYO AL SISTEMA DE VERDAD JUSTICIA REPARACIÓN Y NO REPETICIÓN -SSF (BOGOTA) | F4: DIRECCIÓN REGIONAL NOROCCIDENTE | G4: DIRECCIÓN REGIONAL NORORIENTE | H4: DIRECCIÓN REGIONAL SUROCCIDENTE | I4: DIRECCIÓN REGIONAL SUR | J4: DIRECCIÓN REGIONAL ORIENTE | K4: CANTIDAD TOTAL | L4: VALOR UNITARIO CON IVA | Q4: VALOR UNITARIO ESTIMADO CON IVA | R4: VALOR TOTAL CON IVA | V4: GRUPO NACIONAL DE APOYO AL SISTEMA DE VERDAD JUSTICIA REPARACIÓN Y NO REPETICIÓN -SSF (BOGOTA) | W4: DIRECCIÓN REGIONAL NOROCCIDENTE | X4: DIRECCIÓN REGIONAL NORORIENTE | Y4: DIRECCIÓN REGIONAL SUROCCIDENTE | Z4: DIRECCIÓN REGIONAL SUR | AA4: DIRECCIÓN REGIONAL ORIENTE
L5: ANNAR | M5: AVANTIKA | N5: LAB BRANDS | O5: NORQUIMICOS | P5: QUIMITRONICA
B6: 55 | C6: Frasco de vidrio transaparente con tapa rosca, redondo, resistente a altas temperaturas (máx. 140°C), autoclavable (frasco en en borosilicato y tapa el polipropileno), tapa con con sello integral/interno, frasco con anillo vertido libre de goteo, volumen nominal de 50ml | D6: Unidad | E6: 5 | F6: 20 | G6: 0 | H6: 10 | I6: 0 | J6: 0 | K6: =SUM(E6:J6) -> 35 | N6: 27267.66 | O6: 26775 | P6: 47600 | Q6: =ROUND(HARMEAN(L6:P6),0) -> 31569 | R6: =+Q6*K6 -> 1104915 | V6: =+Q6*E6 -> 157845 | W6: =+Q6*F6 -> 631380 | X6: =+Q6*G6 -> 0 | Y6: =+Q6*H6 -> 315690 | Z6: =+Q6*I6 -> 0 | AA6: =+Q6*J6 -> 0
B7: =1+B6 -> 56 | C7: Frasco de vidrio transaparente con tapa rosca, redondo, resistente a altas temperaturas (máx 140°C), autoclavable (frasco en en borosilicato y tapa el polipropileno), tapa con con sello integral/interno, frasco con anillo vertido libre de goteo, volumen nominal de 250ml | D7: Unidad | E7: 0 | F7: 12 | G7: 2 | H7: 10 | I7: 7 | J7: 2 | K7: =SUM(E7:J7) -> 33 | L7: 26180 | N7: 29736.91 | O7: 19159 | P7: 35700 | Q7: =ROUND(HARMEAN(L7:P7),0) -> 26310 | R7: =+Q7*K7 -> 868230 | V7: =+Q7*E7 -> 0 | W7: =+Q7*F7 -> 315720 | X7: =+Q7*G7 -> 52620 | Y7: =+Q7*H7 -> 263100 | Z7: =+Q7*I7 -> 184170 | AA7: =+Q7*J7 -> 52620
B8: =1+B7 -> 57 | C8: Frasco de vidrio transaparente con tapa rosca, redondo, resistente a altas temperaturas (máx. 140°C), autoclavable (frasco en en borosilicato y tapa el polipropileno), tapa con con sello integral/interno, frasco con anillo vertido libre de goteo, volumen nominal de 500ml | D8: Unidad | E8: 4 | F8: 0 | G8: 0 | H8: 0 | I8: 0 | J8: 0 | K8: =SUM(E8:J8) -> 4 | L8: 34034 | N8: 29885.66 | O8: 22610 | P8: 42840 | Q8: =ROUND(GEOMEAN(L8:P8),0) -> 31505 | R8: =+Q8*K8 -> 126020 | V8: =+Q8*E8 -> 126020 | W8: =+Q8*F8 -> 0 | X8: =+Q8*G8 -> 0 | Y8: =+Q8*H8 -> 0 | Z8: =+Q8*I8 -> 0 | AA8: =+Q8*J8 -> 0
B9: =1+B8 -> 58 | C9: Frasco de vidrio transaparente con tapa rosca, redondo, resistente a altas temperaturas (máx. 140°C), autoclavable (frasco en en borosilicato y tapa el polipropileno), tapa con con sello integral/interno, frasco con anillo vertido libre de goteo, volumen nominal de 1000ml | D9: Unidad | E9: 4 | F9: 0 | G9: 0 | H9: 0 | I9: 0 | J9: 0 | K9: =SUM(E9:J9) -> 4 | L9: 53669 | N9: 39569.88 | O9: 32606 | P9: 61880 | Q9: =ROUND(HARMEAN(L9:P9),0) -> 44085 | R9: =+Q9*K9 -> 176340 | V9: =+Q9*E9 -> 176340 | W9: =+Q9*F9 -> 0 | X9: =+Q9*G9 -> 0 | Y9: =+Q9*H9 -> 0 | Z9: =+Q9*I9 -> 0 | AA9: =+Q9*J9 -> 0
B10: =1+B9 -> 59 | C10: Frasco de vidrio transaparente con tapa rosca, redondo, resistente a altas temperaturas (máx. 140°C), autoclavable (frasco en en borosilicato y tapa el polipropileno), tapa con con sello integral/interno, frasco con anillo vertido libre de goteo, volumen nominal de 2000ml | D10: Unidad | E10: 4 | F10: 0 | G10: 0 | H10: 0 | I10: 0 | J10: 0 | K10: =SUM(E10:J10) -> 4 | L10: 174097 | N10: 95004.84 | O10: 91154 | P10: 157080 | Q10: =ROUND(HARMEAN(L10:P10),0) -> 119025 | R10: =+Q10*K10 -> 476100 | V10: =+Q10*E10 -> 476100 | W10: =+Q10*F10 -> 0 | X10: =+Q10*G10 -> 0 | Y10: =+Q10*H10 -> 0 | Z10: =+Q10*I10 -> 0 | AA10: =+Q10*J10 -> 0
B11: TOTAL ESTIMADO LOTE 3 | R11: =SUM(R6:R10) -> 2751605 | V11: =SUM(V6:V10) -> 936305 | W11: =SUM(W6:W10) -> 947100 | X11: =SUM(X6:X10) -> 52620 | Y11: =SUM(Y6:Y10) -> 578790 | Z11: =SUM(Z6:Z10) -> 184170 | AA11: =SUM(AA6:AA10) -> 52620
V12: =+V11+W11+X11+Y11+Z11+AA11 -> 2751605
C13: CLASIFICACIÓN DEL BIEN O SERVICIO DE ACUERDO CON EL CLASIFICADOR DE BIENES Y SERVICIOS | D13: 42281800 24112600 40161500 41104900 41121800 41122400 41122800 41111600 41104800 41121700
C14: CALIDAD MINIMA | D14: No aplica
C15: PATRONES DE DESEMPEÑO MINIMOS | D15: No aplica

Sheet LOTE 4 
B2: LOTE 4 | O2: ESTUDIO DE MERCADO | V2: GRAFICA DE DISPERSIÓN | X2: REGIONALIZACIÓN LOTE 4
B3: ITEM | C3: ESPECIFICACIÓN TÉCNICA | D3: UNIDAD DE MEDIDA (PRESENTACION) | E3: DIRECCIÓN REGIONAL BOGOTÁ | F3: GRUPO NACIONAL DE APOYO AL SISTEMA DE VERDAD JUSTICIA REPARACIÓN Y NO REPETICIÓN -SSF (BOGOTA) | G3: GRUPO NACIONAL GENETICA CONVENIO CONTRATO ICBF (BOGOTA) | H3: DIRECCIÓN REGIONAL NOROCCIDENTE | I3: DIRECCIÓN REGIONAL NORORIENTE | J3: DIRECCIÓN REGIONAL OCCIDENTE | K3: DIRECCIÓN REGIONAL SUROCCIDENTE | L3: DIRECCIÓN REGIONAL SUR | M3: DIRECCIÓN REGIONAL ORIENTE | N3: CANTIDAD TOTAL | O3: VALOR UNITARIO CON IVA | S3: HISTORICO 2022 | T3: VALOR UNITARIO ESTIMADO CON IVA | U3: VALOR TOTAL CON IVA | X3: DIRECCIÓN REGIONAL BOGOTÁ | Y3: GRUPO NACIONAL DE APOYO AL SISTEMA DE VERDAD JUSTICIA REPARACIÓN Y NO REPETICIÓN -SSF (BOGOTA) | Z3: GRUPO NACIONAL GENETICA CONVENIO CONTRATO ICBF (BOGOTA) | AA3: DIRECCIÓN REGIONAL NOROCCIDENTE | AB3: DIRECCIÓN REGIONAL NORORIENTE | AC3: DIRECCIÓN REGIONAL OCCIDENTE | AD3: DIRECCIÓN REGIONAL SUROCCIDENTE | AE3: DIRECCIÓN REGIONAL SUR | AF3: DIRECCIÓN REGIONAL ORIENTE
O4: AVANTIKA | P4: LAB BRANDS | Q4: NORQUIMICOS | R4: WACOL
B5: 60 | C5: Tubos de centrífuga en polipropileno, fondo cónico, tapa rosca, plana y lisa, graduados, volumen de 50 ml (tipo falcon) Resistencia (de menor a moderada) a Fenol, Cloroformo, a fuerza centrífuga de 4000g o mayor, y a temperatura de 56ºC en agitación prolongada con soluciones acuosas (Presentar muestras por 5 unidades) | D5: Caja de 500 unidades | E5: 10 | F5: 0 | G5: 2 | H5: 13 | I5: 0 | J5: 0 | K5: 0 | L5: 0 | M5: 6 | N5: =SUM(E5:M5) -> 31 | P5: 833000 | R5: =1995000*1.19 -> 2374050 | S5: =(1451500)*((1+13.12/100)) -> 1641936.8 | T5: =ROUND(HARMEAN(O5:S5),0) -> 1344846 | U5: =+T5*N5 -> 41690226 | X5: =+T5*E5 -> 13448460 | Y5: =+T5*F5 -> 0 | Z5: =+T5*G5 -> 2689692 | AA5: =+T5*H5 -> 17482998 | AB5: =+T5*I5 -> 0 | AC5: =+T5*J5 -> 0 | AD5: =+T5*K5 -> 0 | AE5: =+T5*L5 -> 0 | AF5: =+T5*M5 -> 8069076
B6: =1+B5 -> 61 | C6: Tubos de microcentrífuga en polipropileno de 0.5/0.6 ml, con tapa plana, graduados, con superficie de escritura, color natural, resistentes a autoclavado, libres de DNA´s y RNA´s. (Presentar muestras por 5 unidades) | D6: caja de 1000 unidades | E6: 2 | F6: 0 | G6: 6 | H6: 0 | I6: 0 | J6: 0 | K6: 0 | L6: 0 | M6: 0 | N6: =SUM(E6:M6) -> 8 | Q6: 101150 | R6: =320000*1.19 -> 380800 | S6: =+(176577)*((1+13.12/100)) -> 199743.9 | T6: =ROUND(HARMEAN(O6:S6),0) -> 171245 | U6: =+T6*N6 -> 1369960 | X6: =+T6*E6 -> 342490 | Y6: =+T6*F6 -> 0 | Z6: =+T6*G6 -> 1027470 | AA6: =+T6*H6 -> 0 | AB6: =+T6*I6 -> 0 | AC6: =+T6*J6 -> 0 | AD6: =+T6*K6 -> 0 | AE6: =+T6*L6 -> 0 | AF6: =+T6*M6 -> 0
B7: =1+B6 -> 62 | C7: Tubos de microcentrífuga en polipropileno, fondo cónico de 1,5 ml, con tapa plana, con superficie de escritura, color natural. | D7: Bolsa por 500 unidades | E7: 1 | F7: 0 | G7: 0 | H7: 0 | I7: 0 | J7: 0 | K7: 0 | L7: 2 | M7: 5 | N7: =SUM(E7:M7) -> 8 | P7: 24752.547 | Q7: 35700 | R7: =221400*1.19 -> 263466 | S7: 38005.926 | T7: =ROUND(HARMEAN(O7:S7),0) -> 40602 | U7: =+T7*N7 -> 324816 | X7: =+T7*E7 -> 40602 | Y7: =+T7*F7 -> 0 | Z7: =+T7*G7 -> 0 | AA7: =+T7*H7 -> 0 | AB7: =+T7*I7 -> 0 | AC7: =+T7*J7 -> 0 | AD7: =+T7*K7 -> 0 | AE7: =+T7*L7 -> 81204 | AF7: =+T7*M7 -> 203010
B8: =1+B7 -> 63 | C8: Tubos de microcentrífuga en polipropileno, fondo cónico de 1,5 ml, con tapa plana, graduados, con superficie de escritura, color natural, resistentes a autoclavado, libres de DNA´s y RNA´s. (presentar muestras por 5 unidades) | D8: Bolsa de 500 unidades | E8: 34 | F8: 4 | G8: 8 | H8: 0 | I8: 0 | J8: 0 | K8: 20 | L8: 0 | M8: 6 | N8: =SUM(E8:M8) -> 72 | P8: 59782.03 | Q8: 74494 | R8: =221400*1.19 -> 263466 | S8: =(263466)*((1+13.12/100)) -> 298032.74 | T8: =ROUND(HARMEAN(O8:S8),0) -> 107232 | U8: =+T8*N8 -> 7720704 | X8: =+T8*E8 -> 3645888 | Y8: =+T8*F8 -> 428928 | Z8: =+T8*G8 -> 857856 | AA8: =+T8*H8 -> 0 | AB8: =+T8*I8 -> 0 | AC8: =+T8*J8 -> 0 | AD8: =+T8*K8 -> 2144640 | AE8: =+T8*L8 -> 0 | AF8: =+T8*M8 -> 643392
B9: =1+B8 -> 64 | C9: Tubos de microcentrífuga en polipropileno, fondo cónico de 2.0 ml, con tapa plana (no tapa rosca), graduados, con superficie de escritura, color natural, resistentes a autoclavado, libres de DNA´s y RNA´s. (Presentar muestras por 5 unidades) | D9: Bolsa de 500 unidades | E9: 5 | F9: 0 | G9: 6 | H9: 0 | I9: 0 | J9: 0 | K9: 0 | L9: 0 | M9: 2 | N9: =SUM(E9:M9) -> 13 | Q9: 83300 | R9: =310000*1.19 -> 368900 | S9: =(182877)*(1+13.12/100) -> 206870.46 | T9: =ROUND(HARMEAN(O9:S9),0) -> 153457 | U9: =+T9*N9 -> 1994941 | X9: =+T9*E9 -> 767285 | Y9: =+T9*F9 -> 0 | Z9: =+T9*G9 -> 920742 | AA9: =+T9*H9 -> 0 | AB9: =+T9*I9 -> 0 | AC9: =+T9*J9 -> 0 | AD9: =+T9*K9 -> 0 | AE9: =+T9*L9 -> 0 | AF9: =+T9*M9 -> 306914
B10: =1+B9 -> 65 | C10: Tubos de microcentrífuga en polipropileno, fondo cónico de 2.0 ml, con tapa plana (no tapa rosca), graduados, con superficie de escritura. | D10: Paquete X 500 unidades | E10: 6 | F10: 0 | G10: 0 | H10: 23 | I10: 10 | J10: 4 | K10: 0 | L10: 0 | M10: 0 | N10: =SUM(E10:M10) -> 43 | P10: 26128.327 | Q10: 42840 | R10: =310000*1.19 -> 368900 | T10: =ROUND(HARMEAN(O10:S10),0) -> 46637 | U10: =+T10*N10 -> 2005391 | X10: =+T10*E10 -> 279822 | Y10: =+T10*F10 -> 0 | Z10: =+T10*G10 -> 0 | AA10: =+T10*H10 -> 1072651 | AB10: =+T10*I10 -> 466370 | AC10: =+T10*J10 -> 186548 | AD10: =+T10*K10 -> 0 | AE10: =+T10*L10 -> 0 | AF10: =+T10*M10 -> 0
B11: =1+B10 -> 66 | C11: Tubos de PCR 0,2mL en polipropileno de pared delgada libres de DNAsa, RNAsa y DNA, resistentes a autoclavado, tapa plana, color natural (Presentar muestras por 5 unidades) | D11: caja de 1000 unidades | E11: 36 | F11: 3 | G11: 5 | H11: 0 | I11: 0 | J11: 0 | K11: 10 | L11: 0 | M11: 0 | N11: =SUM(E11:M11) -> 54 | P11: 245410.56 | Q11: 190400 | R11: =380000*1.19 -> 452200 | S11: =(309536)*((1+13.12/100)) -> 350147.12 | T11: =ROUND(HARMEAN(O11:S11),0) -> 277889 | U11: =+T11*N11 -> 15006006 | X11: =+T11*E11 -> 10004004 | Y11: =+T11*F11 -> 833667 | Z11: =+T11*G11 -> 1389445 | AA11: =+T11*H11 -> 0 | AB11: =+T11*I11 -> 0 | AC11: =+T11*J11 -> 0 | AD11: =+T11*K11 -> 2778890 | AE11: =+T11*L11 -> 0 | AF11: =+T11*M11 -> 0
B12: =1+B11 -> 67 | C12: Tubos de polipropileno fondo cónico, tapa rosca hermética, graduados, volumen de 15 mL, tipo falcon, no estéril, resistentes a solventes orgánicos. | D12: Paquete de 50 tubos | E12: 4 | F12: 0 | G12: 0 | H12: 0 | I12: 0 | J12: 10 | K12: 2 | L12: 8 | M12: 4 | N12: =SUM(E12:M12) -> 28 | Q12: 42840 | R12: =99500*1.19 -> 118405 | S12: =(33900)*((1+(13.12/100))) -> 38347.68 | T12: =ROUND(HARMEAN(O12:S12),0) -> 51844 | U12: =+T12*N12 -> 1451632 | X12: =+T12*E12 -> 207376 | Y12: =+T12*F12 -> 0 | Z12: =+T12*G12 -> 0 | AA12: =+T12*H12 -> 0 | AB12: =+T12*I12 -> 0 | AC12: =+T12*J12 -> 518440 | AD12: =+T12*K12 -> 103688 | AE12: =+T12*L12 -> 414752 | AF12: =+T12*M12 -> 207376
B13: TOTAL ESTIMADO LOTE 4 | U13: =SUM(U5:U12) -> 71563676 | X13: =SUM(X5:X12) -> 28735927 | Y13: =SUM(Y5:Y12) -> 1262595 | Z13: =SUM(Z5:Z12) -> 6885205 | AA13: =SUM(AA5:AA12) -> 18555649 | AB13: =SUM(AB5:AB12) -> 466370 | AC13: =SUM(AC5:AC12) -> 704988 | AD13: =SUM(AD5:AD12) -> 5027218 | AE13: =SUM(AE5:AE12) -> 495956 | AF13: =SUM(AF5:AF12) -> 9429768
X14: =+X13+Y13+Z13+AA13+AB13+AC13+AD13+AE13+AF13 -> 71563676
C15: CLASIFICACIÓN DEL BIEN O SERVICIO DE ACUERDO CON EL CLASIFICADOR DE BIENES Y SERVICIOS | D15: 42281800 24112600 40161500 41104900 41121800 41122400 41122800 41111600 41104800 41121700
C16: CALIDAD MINIMA | D16: No aplica
C17: PATRONES DE DESEMPEÑO MINIMOS | D17: No aplica
C19: PRUEBAS DE LABORATORIO A REALIZAR A LAS MUESTRAS RECIBIDAS PARA EVALUACIÓN
C20: ITEM 60 | D20: 1. Sellado de la tapa: Que el cierre el tubo sea de fácil ajuste e impida derrames. 2. Se someterá a las condiciones de uso del Laboratorio: a) 24 horas a 56°C en movimiento por rotación o inversión, conteniendo los reactivos empleados para la digestión de muestras Oseas. Se evaluará: Derrame (sellado de la tapa), resistencia del tubo a las condiciones (ruptura). b) Resistencia a fenol y cloroformo en las cantidades y concentraciones usadas en el Laboratorio para la extracción de ADN.
C21: ITEM 61 | D21: • Sellado de la tapa: Que la tapa ajuste en el tubo encajando firmemente. • Estabilidad del material del tubo al someterse a ebullición.
C22: ITEM 63 | D22: • Sellado de la tapa: Que la tapa ajuste en el tubo encajando firmemente. • Estabilidad del material del tubo al someterse a ebullición.
C23: ITEM 64 | D23: • Sellado de la tapa: Que la tapa ajuste en el tubo encajando firmemente. • Estabilidad del material del tubo al someterse a ebullición.
C24: ITEM 66 | D24: • Sellado de la tapa: Que la tapa ajuste en el tubo encajando firmemente. • Estabilidad del material al someterse a un proceso de termociclaje. • Medición de la pérdida de volumen después de un proceso de termociclaje, se acepta pérdida máxima del 10% en relación con el volumen inicial.
C25: CONDICIONES DE ENTREGA DE LAS MUESTRAS
C26: 1. El proponente que presente oferta para el lote 4 items 60, 61, 63, 64 y 66, deberá enviar cinco (5) unidades de los elementos correspondientes a los lotes mencionados, para realizar la respectiva evaluación técnica. 2. Estas muestras no serán devueltas y no generarán costo alguno para el Instituto, ni forman parte de las cantidades requeridas. 3. Las muestras deben enviarse en empaque individual, rotulado, con la siguiente información: Número del proceso, marca, referencia, y empresa oferente. 4. Las muestras deberán ser entregadas con la propuesta en la sede central del Instituto Nacional de Medicina Legal y Ciencias Forenses, ubicada en la Calle 7A No. 12A - 51, oficina de correspondencia. Esta información se reflejará en el cronograma y en el documento complementario pliego definitivo, publicados en la plataforma SECOP II. 5. Los sobres deberán entregarse rotulados de la siguiente manera.

Sheet LOTE 5
B2: LOTE 5 | L2: ESTUDIO DE MERCADO | Q2: GRAFICA DE DISPERSIÓN | S2: REGIONALIZACIÓN LOTE 5
B3: ITEM | C3: ESPECIFICACIÓN TÉCNICA | D3: UNIDAD DE MEDIDA (PRESENTACION) | E3: DIRECCIÓN REGIONAL BOGOTÁ | F3: GRUPO NACIONAL DE APOYO AL SISTEMA DE VERDAD JUSTICIA REPARACIÓN Y NO REPETICIÓN -SSF (BOGOTA) | G3: GRUPO NACIONAL GENETICA CONVENIO CONTRATO ICBF (BOGOTA) | H3: DIRECCIÓN REGIONAL NOROCCIDENTE | I3: DIRECCIÓN REGIONAL SUROCCIDENTE | J3: DIRECCIÓN REGIONAL ORIENTE | K3: CANTIDAD ESTIMADA | L3: VALOR UNITARIO CON IVA | N3: HISTORICO 2022 | O3: VALOR UNITARIO ESTIMADO CON IVA | P3: VALOR TOTAL CON IVA | S3: DIRECCIÓN REGIONAL BOGOTÁ | T3: GRUPO NACIONAL DE APOYO AL SISTEMA DE VERDAD JUSTICIA REPARACIÓN Y NO REPETICIÓN -SSF (BOGOTA) | U3: GRUPO NACIONAL GENETICA CONVENIO CONTRATO ICBF (BOGOTA) | V3: DIRECCIÓN REGIONAL NOROCCIDENTE | W3: DIRECCIÓN REGIONAL SUROCCIDENTE | X3: DIRECCIÓN REGIONAL ORIENTE
L4: QUIMITRONICA | M4: PAF
B5: 68 | C5: Tubos de ultrafiltración de 100.000 daltons, con volumen de filtrado (inicial) de 15 ml y volumen final de recuperación mínimo de 200 microlitros, Recuperación mayor del 90%. Resistente a fuerza centrífuga de 3000g o superior en rotor libre, y de 5000g o superior en rotor de ángulo fijo. Membrana vertical de celulosa regenerada. Tubo traslúcido con superficie de escritura. Referencia UFC910096 o su equivalente. | D5: Caja x 96 unidades | E5: 0 | F5: 2 | G5: 10 | H5: 15 | I5: 5 | J5: 0 | K5: =SUM(E5:J5) -> 32 | L5: 11138400 | M5: 10445820 | N5: =(8462995)*(1+(13.12/100)) -> 9573339.9 | O5: =ROUND(GEOMEAN(L5:N5),0) -> 10365962 | P5: =+O5*K5 -> 331710784 | S5: =+O5*E5 -> 0 | T5: =+O5*F5 -> 20731924 | U5: =+O5*G5 -> 103659620 | V5: =+O5*H5 -> 155489430 | W5: =+O5*I5 -> 51829810 | X5: =+O5*J5 -> 0
B6: =1+B5 -> 69 | C6: Tubos de ultrafiltración de 30.000 daltons, con volumen de filtrado (inicial) de 15 ml y volumen final de recuperación mínimo de 200 microlitros, Recuperación mayor del 90%. Resistente a fuerza centrífuga de 3000g o superior en rotor libre y de 5000g o superior en rotor de ángulo fijo. Membrana vertical de celulosa regenerada. Tubo traslúcido. con superficie de escritura. Referencia UFC903096 o su equivalente. | D6: Caja x 96 unidades | E6: 5 | F6: 0 | G6: 0 | H6: 15 | I6: 0 | J6: 25 | K6: =SUM(E6:J6) -> 45 | L6: 11138400 | M6: 10445820 | N6: =(8462995)*(1+(13.12/100)) -> 9573339.9 | O6: =ROUND(GEOMEAN(L6:N6),0) -> 10365962 | P6: =+O6*K6 -> 466468290 | S6: =+O6*E6 -> 51829810 | T6: =+O6*F6 -> 0 | U6: =+O6*G6 -> 0 | V6: =+O6*H6 -> 155489430 | W6: =+O6*I6 -> 0 | X6: =+O6*J6 -> 259149050
B7: TOTAL ESTIMADO LOTE 5 | P7: =SUM(P5:P6) -> 798179074 | S7: =SUM(S5:S6) -> 51829810 | T7: =SUM(T5:T6) -> 20731924 | U7: =SUM(U5:U6) -> 103659620 | V7: =SUM(V5:V6) -> 310978860 | W7: =SUM(W5:W6) -> 51829810 | X7: =SUM(X5:X6) -> 259149050
S8: =+S7+T7+U7+V7+W7+X7 -> 798179074
C9: CLASIFICACIÓN DEL BIEN O SERVICIO DE ACUERDO CON EL CLASIFICADOR DE BIENES Y SERVICIOS | D9: 42281800 24112600 40161500 41104900 41121800 41122400 41122800 41111600 41104800 41121700
C10: CALIDAD MINIMA | D10: No aplica
C11: PATRONES DE DESEMPEÑO MINIMOS | D11: No aplica

Sheet LOTE 6
B3: LOTE 6 | M3: ESTUDIO DE MERCADO | Q3: GRAFICA DE DISPERSIÓN | S3: REGIONALIZACIÓN LOTE 6
B4: ITEM | C4: ESPECIFICACIÓN TÉCNICA | D4: UNIDAD DE MEDIDA (PRESENTACION) | E4: DIRECCIÓN REGIONAL BOGOTÁ | F4: DIRECCIÓN REGIONAL NOROCCIDENTE | G4: DIRECCIÓN REGIONAL NORORIENTE | H4: DIRECCIÓN REGIONAL OCCIDENTE | I4: DIRECCIÓN REGIONAL SUROCCIDENTE | J4: DIRECCIÓN REGIONAL NORTE | K4: DIRECCIÓN REGIONAL SUR | L4: CANTIDAD TOTAL | M4: VALOR UNITARIO CON IVA | N4: HISTORICO 2022 | O4: VALOR UNITARIO ESTIMADO CON IVA | P4: VALOR TOTAL CON IVA | S4: DIRECCIÓN REGIONAL BOGOTÁ | T4: DIRECCIÓN REGIONAL NOROCCIDENTE | U4: DIRECCIÓN REGIONAL NORORIENTE | V4: DIRECCIÓN REGIONAL OCCIDENTE | W4: DIRECCIÓN REGIONAL SUROCCIDENTE | X4: DIRECCIÓN REGIONAL NORTE | Y4: DIRECCIÓN REGIONAL SUR
M5: SANITAS
B6: 70 | C6: Tubos de 1.5 ml tipo ClickFit Microtube, compatible con canastilla tipo Spin Baskets (ref V1221). Que el tubo tenga un cierre óptimo de la tapa con la canastilla adentro. Ref. V4741 | D6: Bolsa por 1000 | E6: 0 | F6: 0 | G6: 0 | H6: 0 | I6: 4 | J6: 4 | K6: 0 | L6: =SUM(E6:K6) -> 8 | M6: =808000*1.19 -> 961520 | N6: =(828240)*(1+(13.12/100)) -> 936905.09 | O6: =ROUND(GEOMEAN(M6:N6),0) -> 949133 | P6: =+O6*L6 -> 7593064 | S6: =+O6*E6 -> 0 | T6: =+O6*F6 -> 0 | U6: =+O6*G6 -> 0 | V6: =+O6*H6 -> 0 | W6: =+O6*I6 -> 3796532 | X6: =+O6*J6 -> 3796532 | Y6: =+O6*K6 -> 0
B7: =1+B6 -> 71 | C7: Tubos de 1.5 ml tipo ClickFit Microtube, que incluya canastilla tipo Spin Baskets (ref V1221). Que el tubo tenga un cierre óptimo de la tapa con la canastilla adentro. Ref. V4741 | D7: Bolsa por 1000 | E7: 12 | F7: 3 | G7: 3 | H7: 1 | I7: 10 | J7: 0 | K7: 2 | L7: =SUM(E7:K7) -> 31 | M7: =2239000*1.19 -> 2664410 | N7: =(2296700)*(1+(13.12/100)) -> 2598027 | O7: =ROUND(GEOMEAN(M7:N7),0) -> 2631009 | P7: =+O7*L7 -> 81561279 | S7: =+O7*E7 -> 31572108 | T7: =+O7*F7 -> 7893027 | U7: =+O7*G7 -> 7893027 | V7: =+O7*H7 -> 2631009 | W7: =+O7*I7 -> 26310090 | X7: =+O7*J7 -> 0 | Y7: =+O7*K7 -> 5262018
B8: TOTAL ESTIMADO LOTE 6 | P8: =SUM(P6:P7) -> 89154343 | S8: =SUM(S6:S7) -> 31572108 | T8: =SUM(T6:T7) -> 7893027 | U8: =SUM(U6:U7) -> 7893027 | V8: =SUM(V6:V7) -> 2631009 | W8: =SUM(W6:W7) -> 30106622 | X8: =SUM(X6:X7) -> 3796532 | Y8: =SUM(Y6:Y7) -> 5262018
S9: =+S8+T8+U8+V8+W8+X8+Y8 -> 89154343
C10: CLASIFICACIÓN DEL BIEN O SERVICIO DE ACUERDO CON EL CLASIFICADOR DE BIENES Y SERVICIOS | D10: 42281800 24112600 40161500 41104900 41121800 41122400 41122800 41111600 41104800 41121700
C11: CALIDAD MINIMA | D11: No aplica
C12: PATRONES DE DESEMPEÑO MINIMOS | D12: No aplica

Sheet LOTE 7 
B3: LOTE 7 | O3: ESTUDIO DE MERCADO | U3: GRAFICA DE DISPERSIÓN | W3: REGIONALIZACIÓN LOTE 7
B4: ITEM | C4: ESPECIFICACIÓN TÉCNICA | D4: UNIDAD DE MEDIDA (PRESENTACION) | E4: DIRECCIÓN REGIONAL BOGOTÁ | F4: GRUPO NACIONAL GENETICA CONVENIO CONTRATO ICBF (BOGOTA) | G4: DIRECCIÓN REGIONAL NOROCCIDENTE | H4: DIRECCIÓN REGIONAL NORORIENTE | I4: DIRECCIÓN REGIONAL OCCIDENTE | J4: DIRECCIÓN REGIONAL SUROCCIDENTE | K4: DIRECCIÓN REGIONAL NORTE | L4: DIRECCIÓN REGIONAL SUR | M4: DIRECCIÓN REGIONAL ORIENTE | N4: CANTIDAD TOTAL | O4: VALOR UNITARIO CON IVA | R4: HISTORICO 2022 | S4: VALOR UNITARIO ESTIMADO CON IVA | T4: VALOR TOTAL CON IVA | W4: DIRECCIÓN REGIONAL BOGOTÁ | X4: GRUPO NACIONAL GENETICA CONVENIO CONTRATO ICBF (BOGOTA) | Y4: DIRECCIÓN REGIONAL NOROCCIDENTE | Z4: DIRECCIÓN REGIONAL NORORIENTE | AA4: DIRECCIÓN REGIONAL OCCIDENTE | AB4: DIRECCIÓN REGIONAL SUROCCIDENTE | AC4: DIRECCIÓN REGIONAL NORTE | AD4: DIRECCIÓN REGIONAL SUR | AE4: DIRECCIÓN REGIONAL ORIENTE
O5: ANNAR | P5: NORQUIMICOS | Q5: QUIMITRONICA
B6: 72 | C6: Papel filtro cualitativo, diámetro 12.5 cm, de flujo lento, grosor nominal entre 140 y 200 um, rango de retención entre 2 y 4 um, peso base entre 80-100 g/m2. | D6: Paquete de 100 filtros | E6: 61 | F6: 0 | G6: 2 | H6: 13 | I6: 0 | J6: 0 | K6: 0 | L6: 2 | M6: 0 | N6: =SUM(E6:M6) -> 78 | Q6: 240284.8 | S6: =ROUND(GEOMEAN(O6:R6),0) -> 240285 | T6: =+S6*N6 -> 18742230 | W6: =+S6*E6 -> 14657385 | X6: =+S6*F6 -> 0 | Y6: =+S6*G6 -> 480570 | Z6: =+S6*H6 -> 3123705 | AA6: =+S6*I6 -> 0 | AB6: =+S6*J6 -> 0 | AC6: =+S6*K6 -> 0 | AD6: =+S6*L6 -> 480570 | AE6: =+S6*M6 -> 0
B7: =1+B6 -> 73 | C7: Papel filtro cualitativo, diámetro 15 cm, de flujo lento, grosor nominal entre 140 y 200 um, rango de retención entre 2 y 4 um, peso base entre 80-100 g/m2. | D7: Paquete de 100 filtros | E7: 80 | F7: 0 | G7: 0 | H7: 0 | I7: 0 | J7: 2 | K7: 0 | L7: 20 | M7: 0 | N7: =SUM(E7:M7) -> 102 | Q7: 562441.6 | S7: =ROUND(GEOMEAN(O7:R7),0) -> 562442 | T7: =+S7*N7 -> 57369084 | W7: =+S7*E7 -> 44995360 | X7: =+S7*F7 -> 0 | Y7: =+S7*G7 -> 0 | Z7: =+S7*H7 -> 0 | AA7: =+S7*I7 -> 0 | AB7: =+S7*J7 -> 1124884 | AC7: =+S7*K7 -> 0 | AD7: =+S7*L7 -> 11248840 | AE7: =+S7*M7 -> 0
B8: =1+B7 -> 74 | C8: Papel indicador de pH rango de 0/1-14. | D8: rollo x 5mt | E8: 3 | F8: 2 | G8: 0 | H8: 30 | I8: 0 | J8: 0 | K8: 0 | L8: 30 | M8: 2 | N8: =SUM(E8:M8) -> 67 | O8: 47124 | Q8: 66640 | S8: =ROUND(GEOMEAN(O8:R8),0) -> 56039 | T8: =+S8*N8 -> 3754613 | W8: =+S8*E8 -> 168117 | X8: =+S8*F8 -> 112078 | Y8: =+S8*G8 -> 0 | Z8: =+S8*H8 -> 1681170 | AA8: =+S8*I8 -> 0 | AB8: =+S8*J8 -> 0 | AC8: =+S8*K8 -> 0 | AD8: =+S8*L8 -> 1681170 | AE8: =+S8*M8 -> 112078
B9: =1+B8 -> 75 | C9: Varillas (strips) indicadoras de pH 0-14 con escala colorimétrica, de 4 pads o almohadillas (No papel indicador). | D9: Paquete de 100 varillas | E9: 102 | F9: 0 | G9: 0 | H9: 2 | I9: 15 | J9: 5 | K9: 5 | L9: 16 | M9: 5 | N9: =SUM(E9:M9) -> 150 | O9: 119119 | P9: 76160 | Q9: 157437 | R9: =(50000)*((1+(13.12/100))) -> 56560 | S9: =ROUND(HARMEAN(O9:R9),0) -> 87802 | T9: =+S9*N9 -> 13170300 | W9: =+S9*E9 -> 8955804 | X9: =+S9*F9 -> 0 | Y9: =+S9*G9 -> 0 | Z9: =+S9*H9 -> 175604 | AA9: =+S9*I9 -> 1317030 | AB9: =+S9*J9 -> 439010 | AC9: =+S9*K9 -> 439010 | AD9: =+S9*L9 -> 1404832 | AE9: =+S9*M9 -> 439010
B10: TOTAL ESTIMADO LOTE 7 | T10: =SUM(T6:T9) -> 93036227 | W10: =SUM(W6:W9) -> 68776666 | X10: =SUM(X6:X9) -> 112078 | Y10: =SUM(Y6:Y9) -> 480570 | Z10: =SUM(Z6:Z9) -> 4980479 | AA10: =SUM(AA6:AA9) -> 1317030 | AB10: =SUM(AB6:AB9) -> 1563894 | AC10: =SUM(AC6:AC9) -> 439010 | AD10: =SUM(AD6:AD9) -> 14815412 | AE10: =SUM(AE6:AE9) -> 551088
W11: =+W10+X10+Y10+Z10+AA10+AB10+AC10+AD10+AE10 -> 93036227
C12: CLASIFICACIÓN DEL BIEN O SERVICIO DE ACUERDO CON EL CLASIFICADOR DE BIENES Y SERVICIOS | D12: 42281800 24112600 40161500 41104900 41121800 41122400 41122800 41111600 41104800 41121700
C13: CALIDAD MINIMA | D13: No aplica
C14: PATRONES DE DESEMPEÑO MINIMOS | D14: No aplica

Sheet LOTE 8
B3: LOTE 8 | N3: ESTUDIO DE MERCADO | T3: GRAFICA DE DISPERSIÓN | V3: REGIONALIZACIÓN LOTE 8
B4: ITEM | C4: ESPECIFICACIÓN TÉCNICA | D4: UNIDAD DE MEDIDA (PRESENTACION) | E4: DIRECCIÓN REGIONAL BOGOTÁ | F4: DIRECCIÓN REGIONA L NOROCCIDENTE | G4: DIRECCIÓN REGIONAL NORORIENTE | H4: DIRECCIÓN REGIONAL OCCIDENTE | I4: DIRECCIÓN REGIONAL SUROCCIDENTE | J4: DIRECCIÓN REGIONAL NORTE | K4: DIRECCIÓN REGIONAL SUR | L4: DIRECCIÓN REGIONAL ORIENTE | M4: CANTIDAD TOTAL | N4: VALOR UNITARIO CON IVA | R4: VALOR UNITARIO ESTIMADO CON IVA | S4: VALOR TOTAL CON IVA | V4: DIRECCIÓN REGIONAL BOGOTÁ | W4: DIRECCIÓN REGIONA L NOROCCIDENTE | X4: DIRECCIÓN REGIONAL NORORIENTE | Y4: DIRECCIÓN REGIONAL OCCIDENTE | Z4: DIRECCIÓN REGIONAL SUROCCIDENTE | AA4: DIRECCIÓN REGIONAL NORTE | AB4: DIRECCIÓN REGIONAL SUR | AC4: DIRECCIÓN REGIONAL ORIENTE
N5: AVANTIKA | O5: LAB BRANDS | P5: NORQUIMICOS | Q5: QUIMITRONICA
B6: 76 | C6: Gradilla en polipropileno o PTFE para tubos tipo falcon (cónicos) de 15ml (diámetro de 16-18mm) capacidad de 40-60 tubos. | D6: Unidad | E6: 0 | F6: 10 | G6: 0 | H6: 0 | I6: 0 | J6: 0 | K6: 14 | L6: 0 | M6: 24 | Q6: 119527.17 | R6: =ROUND(HARMEAN(N6:Q6),0) -> 119527 | S6: =+R6*M6 -> 2868648 | V6: =+R6*E6 -> 0 | W6: =+R6*F6 -> 1195270 | X6: =+R6*G6 -> 0 | Y6: =+R6*H6 -> 0 | Z6: =+R6*I6 -> 0 | AA6: =+R6*J6 -> 0 | AB6: =+R6*K6 -> 1673378 | AC6: =+R6*L6 -> 0
B7: =1+B6 -> 77 | C7: Gradilla en polipropileno o PTFE para tubos de 1,5ml de fondo cónico capacidad de 80-100 tubos. | D7: Unidad | E7: 13 | F7: 0 | G7: 0 | H7: 0 | I7: 0 | J7: 0 | K7: 4 | L7: 6 | M7: 23 | P7: 54740 | Q7: 117663.63 | R7: =ROUND(HARMEAN(N7:Q7),0) -> 74719 | S7: =+R7*M7 -> 1718537 | V7: =+R7*E7 -> 971347 | W7: =+R7*F7 -> 0 | X7: =+R7*G7 -> 0 | Y7: =+R7*H7 -> 0 | Z7: =+R7*I7 -> 0 | AA7: =+R7*J7 -> 0 | AB7: =+R7*K7 -> 298876 | AC7: =+R7*L7 -> 448314
B8: =1+B7 -> 78 | C8: Gradilla en PTFE para 50 tubos / viales, tamaño del pozo de 25 mm en disposición 5x10. | D8: Unidad | E8: 0 | F8: 5 | G8: 0 | H8: 0 | I8: 0 | J8: 0 | K8: 0 | L8: 0 | M8: 5 | Q8: 186020.8 | R8: =ROUND(GEOMEAN(N8:Q8),0) -> 186021 | S8: =+R8*M8 -> 930105 | V8: =+R8*E8 -> 0 | W8: =+R8*F8 -> 930105 | X8: =+R8*G8 -> 0 | Y8: =+R8*H8 -> 0 | Z8: =+R8*I8 -> 0 | AA8: =+R8*J8 -> 0 | AB8: =+R8*K8 -> 0 | AC8: =+R8*L8 -> 0
B9: =1+B8 -> 79 | C9: Gradillas para tubos de ensayo en polipropileno o PTFE. Capacidad para 40 tubos. Tamaño del orificio: entre 17 x 17 mm y 21 x 21 mm | D9: Unidad | E9: 0 | F9: 0 | G9: 4 | H9: 0 | I9: 0 | J9: 0 | K9: 0 | L9: 5 | M9: 9 | O9: 52123.19 | Q9: 119527.53 | R9: =ROUND(HARMEAN(N9:Q9),0) -> 72591 | S9: =+R9*M9 -> 653319 | V9: =+R9*E9 -> 0 | W9: =+R9*F9 -> 0 | X9: =+R9*G9 -> 290364 | Y9: =+R9*H9 -> 0 | Z9: =+R9*I9 -> 0 | AA9: =+R9*J9 -> 0 | AB9: =+R9*K9 -> 0 | AC9: =+R9*L9 -> 362955
B10: =1+B9 -> 80 | C10: Gradillas para tubos de ensayo en polipropileno o PTFE. Capacidad para 55-60 tubos. Tamaño del orificio: diamentro entre 16x 16 mm y 18 x18mm | D10: Unidad | E10: 0 | F10: 0 | G10: 0 | H10: 0 | I10: 6 | J10: 20 | K10: 20 | L10: 0 | M10: 46 | O10: 60750.69 | Q10: 119527.53 | R10: =ROUND(HARMEAN(N10:Q10),0) -> 80557 | S10: =+R10*M10 -> 3705622 | V10: =+R10*E10 -> 0 | W10: =+R10*F10 -> 0 | X10: =+R10*G10 -> 0 | Y10: =+R10*H10 -> 0 | Z10: =+R10*I10 -> 483342 | AA10: =+R10*J10 -> 1611140 | AB10: =+R10*K10 -> 1611140 | AC10: =+R10*L10 -> 0
B11: TOTAL ESTIMADO LOTE 8 | S11: =SUM(S6:S10) -> 9876231 | V11: =SUM(V6:V10) -> 971347 | W11: =SUM(W6:W10) -> 2125375 | X11: =SUM(X6:X10) -> 290364 | Y11: =SUM(Y6:Y10) -> 0 | Z11: =SUM(Z6:Z10) -> 483342 | AA11: =SUM(AA6:AA10) -> 1611140 | AB11: =SUM(AB6:AB10) -> 3583394 | AC11: =SUM(AC6:AC10) -> 811269
V12: =+V11+W11+X11+Y11+Z11+AA11+AB11+AC11 -> 9876231
C13: CLASIFICACIÓN DEL BIEN O SERVICIO DE ACUERDO CON EL CLASIFICADOR DE BIENES Y SERVICIOS | D13: 42281800 24112600 40161500 41104900 41121800 41122400 41122800 41111600 41104800 41121700
C14: CALIDAD MINIMA | D14: No aplica
C15: PATRONES DE DESEMPEÑO MINIMOS | D15: No aplica

Sheet LOTE 9
B2: LOTE 9 | I2: ESTUDIO DE MERCADO | O2: GRAFICA DE DISPERSIÓN | Q2: REGIONALIZACIÓN LOTE 9
B3: ITEM | C3: ESPECIFICACIÓN TÉCNICA | D3: UNIDAD DE MEDIDA (PRESENTACION) | E3: DIRECCIÓN REGIONAL BOGOTÁ | F3: DIRECCIÓN REGIONAL SUROCCIDENTE | G3: DIRECCIÓN REGIONAL SUR | H3: CANTIDAD TOTAL | I3: VALOR UNITARIO CON IVA | M3: VALOR UNITARIO ESTIMADO CON IVA | N3: VALOR TOTAL CON IVA | Q3: DIRECCIÓN REGIONAL BOGOTÁ | R3: DIRECCIÓN REGIONAL SUROCCIDENTE | S3: DIRECCIÓN REGIONAL SUR
I4: AVANTIKA | J4: LAB BRANDS | K4: NORQUIMICOS | L4: QUIMITRONICA
B5: 81 | C5: Dispensador de volumenes variables para botella. Para dispensación directa desde frascos de reactivos (sales, basese y solventes) Rango de volumen de 1 - 10 mL incrementos de 0,2 mL o mejor. | D5: Unidad | E5: 2 | F5: 6 | G5: 6 | H5: 14 | I5: 4910535 | J5: 2472820 | L5: 3424332.1 | M5: =ROUND(HARMEAN(I5:L5),0) -> 3333081 | N5: =+M5*H5 -> 46663134 | Q5: =+M5*E5 -> 6666162 | R5: =+M5*F5 -> 19998486 | S5: =+M5*G5 -> 19998486
B6: TOTAL ESTIMADO LOTE 9 | N6: =SUM(N5) -> 46663134 | Q6: =+Q5+R5+S5 -> 46663134
C8: CLASIFICACIÓN DEL BIEN O SERVICIO DE ACUERDO CON EL CLASIFICADOR DE BIENES Y SERVICIOS | D8: 42281800 24112600 40161500 41104900 41121800 41122400 41122800 41111600 41104800 41121700
C9: CALIDAD MINIMA | D9: No aplica
C10: PATRONES DE DESEMPEÑO MINIMOS | D10: No aplica

Sheet LOTE 10 
B3: LOTE 10 | I3: ESTUDIO DE MERCADO | O3: GRAFICA DE DISPERSIÓN | Q3: REGIONALIZACIÓN LOTE 10
B4: ITEM | C4: ESPECIFICACIÓN TÉCNICA | D4: UNIDAD DE MEDIDA (PRESENTACION) | E4: DIRECCIÓN REGIONAL NOROCCIDENTE | F4: DIRECCIÓN REGIONAL SUROCCIDENTE | G4: DIRECCIÓN REGIONAL SUR | H4: CANTIDAD TOTAL | I4: VALOR UNITARIO CON IVA | L4: HISTORICO 2022 | M4: VALOR UNITARIO ESTIMADO CON IVA | N4: VALOR TOTAL CON IVA | Q4: DIRECCIÓN REGIONAL NOROCCIDENTE | R4: DIRECCIÓN REGIONAL SUROCCIDENTE | S4: DIRECCIÓN REGIONAL SUR
I5: AVANTIKA | J5: NORQUIMICOS | K5: QUIMITRONICA
B6: 82 | C6: Frasco en polipropileno de alta densidad capacidad 1 litro-1,5 litros, dimensiones 9cm - 10 cm de diámetro x 13 cm-21cm de alto. Tapa rosca de diámetro 4cm-6cm | D6: Unidad | E6: 10 | F6: 2 | G6: 4 | H6: 16 | J6: 22372 | K6: 45398.5 | L6: =(29250)*(1+(13.12/100)) -> 33087.6 | M6: =ROUND(HARMEAN(I6:L6),0) -> 30944 | N6: =+M6*H6 -> 495104 | Q6: =+M6*E6 -> 309440 | R6: =+M6*F6 -> 61888 | S6: =+M6*G6 -> 123776
B7: TOTAL ESTIMADO LOTE 10 | N7: =SUM(N6) -> 495104 | Q7: =+Q6+R6+S6 -> 495104
C9: CLASIFICACIÓN DEL BIEN O SERVICIO DE ACUERDO CON EL CLASIFICADOR DE BIENES Y SERVICIOS | D9: 42281800 24112600 40161500 41104900 41121800 41122400 41122800 41111600 41104800 41121700
C10: CALIDAD MINIMA | D10: No aplica
C11: PATRONES DE DESEMPEÑO MINIMOS | D11: No aplica

Sheet LOTE 11
B3: LOTE 11 | K3: ESTUDIO DE MERCADO | L3: VALOR UNITARIO ESTIMADO CON IVA | M3: VALOR TOTAL CON IVA | N3: GRAFICA DE DISPERSIÓN | P3: REGIONALIZACIÓN LOTE 11
B4: ITEM | C4: ESPECIFICACIÓN TÉCNICA | D4: UNIDAD DE MEDIDA (PRESENTACION) | E4: DIRECCIÓN REGIONAL BOGOTÁ | F4: GRUPO NACIONAL DE APOYO AL SISTEMA DE VERDAD JUSTICIA REPARACIÓN Y NO REPETICIÓN -SSF (BOGOTA) | G4: DIRECCIÓN REGIONAL NOROCCIDENTE | H4: DIRECCIÓN REGIONAL SUROCCIDENTE | I4: DIRECCIÓN REGIONAL ORIENTE | J4: CANTIDAD TOTAL | K4: VALOR UNITARIO CON IVA | P4: DIRECCIÓN REGIONAL BOGOTÁ | Q4: GRUPO NACIONAL DE APOYO AL SISTEMA DE VERDAD JUSTICIA REPARACIÓN Y NO REPETICIÓN -SSF (BOGOTA) | R4: DIRECCIÓN REGIONAL NOROCCIDENTE | S4: DIRECCIÓN REGIONAL SUROCCIDENTE | T4: DIRECCIÓN REGIONAL ORIENTE
K5: WACOL
B6: 83 | C6: Película Sellante óptica termoresistente para platos de 96 pozos de PCR | D6: Caja por 100 unidades | E6: 2 | F6: 3 | G6: 2 | H6: 2 | I6: 2 | J6: 11 | K6: =2740000*1.19 -> 3260600 | L6: =ROUND(GEOMEAN(K6),0) -> 3260600 | M6: =+L6*J6 -> 35866600 | P6: =+L6*E6 -> 6521200 | Q6: =+L6*F6 -> 9781800 | R6: =+L6*G6 -> 6521200 | S6: =+L6*H6 -> 6521200 | T6: =+L6*I6 -> 6521200
B7: TOTAL ESTIMADO LOTE 11 | M7: =SUM(M6) -> 35866600 | P7: =+P6+Q6+R6+S6+T6 -> 35866600
C9: CLASIFICACIÓN DEL BIEN O SERVICIO DE ACUERDO CON EL CLASIFICADOR DE BIENES Y SERVICIOS | D9: 42281800 24112600 40161500 41104900 41121800 41122400 41122800 41111600 41104800 41121700
C10: CALIDAD MINIMA | D10: No aplica
C11: PATRONES DE DESEMPEÑO MINIMOS | D11: No aplica

Sheet LOTE 12 
B2: LOTE 12 | M2: ESTUDIO DE MERCADO | P2: VALOR UNITARIO ESTIMADO CON IVA | Q2: VALOR TOTAL | R2: GRAFICA DE DISPERSIÓN | T2: REGIONALIZACIÓN LOTE 12
B3: ITEM | C3: ESPECIFICACIÓN TÉCNICA | D3: UNIDAD DE MEDIDA (PRESENTACION) | E3: REGIONAL BOGOTA | F3: REGIONAL ORIENTE | G3: REGIONAL NOROCCIDENTE | H3: REGIONAL NORORIENTE | I3: REGIONAL NORTE | J3: REGIONAL SUR | K3: REGIONAL SUROCCIDENTE | L3: CANTIDAD ESTIMADA | M3: NIPRO MEDICAL CORPORATION | N3: MEBIOX SAS | O3: WILFERTEC S.A.S | T3: REGIONAL BOGOTA | U3: REGIONAL ORIENTE | V3: REGIONAL NOROCCIDENTE | W3: REGIONAL NORORIENTE | X3: REGIONAL NORTE | Y3: REGIONAL SUR | Z3: REGIONAL SUROCCIDENTE
B4: 84 | C4: Tubo al vacío tapa roja de 6 ml. Dimensiones 13 X 100 mm (con aditivo en paredes internas y sin gel de separación), en material PET | D4: Caja X100 Unidades | E4: 60 | F4: 15 | G4: 67 | H4: 265 | I4: 48 | J4: 15 | K4: 40 | L4: =SUM(E4:K4) -> 510 | M4: 41700 | N4: =48500*1.19 -> 57715 | O4: 78469 | P4: =ROUND(HARMEAN(M4:O4),0) -> 55503 | Q4: =+P4*L4 -> 28306530 | T4: =+P4*E4 -> 3330180 | U4: =+P4*F4 -> 832545 | V4: =+P4*G4 -> 3718701 | W4: =+P4*H4 -> 14708295 | X4: =+P4*I4 -> 2664144 | Y4: =+P4*J4 -> 832545 | Z4: =+P4*K4 -> 2220120
B5: TOTAL ESTIMADO LOTE 12 | Q5: =SUM(Q4) -> 28306530 | T5: =+T4+U4+V4+W4+X4+Y4+Z4 -> 28306530
C7: CLASIFICACIÓN DEL BIEN O SERVICIO DE ACUERDO CON EL CLASIFICADOR DE BIENES Y SERVICIOS | D7: 41121700 41121800
C8: CALIDAD MINIMA | D8: No aplica
C9: PATRONES DE DESEMPEÑO MINIMOS | D9: No aplica

Sheet LOTE 13
B3: LOTE 13 | M3: ESTUDIO DE MERCADO | N3: HISTORICO 2022 | O3: VALOR UNITARIO ESTIMADO | P3: VALOR TOTAL ESTIMADO | Q3: GRAFICA DE DISPERSIÓN | T3: REGIONALIZACIÓN LOTE 13
B4: ITEM | C4: ESPECIFICACION TÉCNICA | D4: UNIDAD DE MEDIDA (PRESENTACION) | E4: DIRECCIÓN REGIONAL NOROCCIDENTE | F4: DIRECCIÓN REGIONAL NORORIENTE | G4: DIRECCIÓN REGIONAL OCCIDENTE | H4: DIRECCIÓN REGIONAL NORTE | I4: DIRECCIÓN REGIONAL SUR | J4: DIRECCIÓN REGIONAL BOGOTÁ | K4: DIRECCIÓN REGIONAL ORIENTE | L4: CANTIDAD TOTAL ESTIMADA | M4: VALOR UNITARIO CON IVA SF INTERNATIONAL | T4: DIRECCIÓN REGIONAL NOROCCIDENTE | U4: DIRECCIÓN REGIONAL NORORIENTE | V4: DIRECCIÓN REGIONAL OCCIDENTE | W4: DIRECCIÓN REGIONAL NORTE | X4: DIRECCIÓN REGIONAL SUR | Y4: DIRECCIÓN REGIONAL BOGOTÁ | Z4: DIRECCIÓN REGIONAL ORIENTE
B6: 85 | C6: Cianoacrilato de metilo/etilo en solución, tipo CNA103 o su equivalente. | D6: Frasco * 16 onzas | E6: 2 | F6: 2 | G6: 2 | H6: 0 | I6: 0 | J6: 0 | K6: 1 | L6: =SUM(E6:K6) -> 7 | M6: 674730 | N6: =(S6)*(1+(13.12/100)) -> 542719.22 | O6: =ROUND(GEOMEAN(M6:N6),0) -> 605135 | P6: =+O6*L6 -> 4235945 | S6: 479773 | T6: =+O6*E6 -> 1210270 | U6: =+O6*F6 -> 1210270 | V6: =+O6*G6 -> 1210270 | W6: =+O6*H6 -> 0 | X6: =+O6*I6 -> 0 | Y6: =+O6*J6 -> 0 | Z6: =+O6*K6 -> 605135
B7: =1+B6 -> 86 | C7: Limpiador de cianoacrilato en spray | D7: Frasco * 8 onzas en spray | E7: 2 | F7: 4 | G7: 0 | H7: 0 | I7: 0 | J7: 20 | K7: 0 | L7: =SUM(E7:K7) -> 26 | M7: 340221 | N7: =(S7)*(1+(13.12/100)) -> 248773.5 | O7: =ROUND(GEOMEAN(M7:N7),0) -> 290926 | P7: =+O7*L7 -> 7564076 | S7: 219920 | T7: =+O7*E7 -> 581852 | U7: =+O7*F7 -> 1163704 | V7: =+O7*G7 -> 0 | W7: =+O7*H7 -> 0 | X7: =+O7*I7 -> 0 | Y7: =+O7*J7 -> 5818520 | Z7: =+O7*K7 -> 0
B8: =1+B7 -> 87 | C8: Bandejas desechables de ahumado | D8: Paquete * 25 | E8: 8 | F8: 0 | G8: 4 | H8: 0 | I8: 0 | J8: 10 | K8: 0 | L8: =SUM(E8:K8) -> 22 | M8: 46291 | N8: =(S8)*(1+(13.12/100)) -> 40170.043 | O8: =ROUND(GEOMEAN(M8:N8),0) -> 43122 | P8: =+O8*L8 -> 948684 | S8: 35511 | T8: =+O8*8 -> 344976 | U8: =+O8*F8 -> 0 | V8: =+O8*G8 -> 172488 | W8: =+O8*H8 -> 0 | X8: =+O8*I8 -> 0 | Y8: =+O8*J8 -> 431220 | Z8: =+O8*K8 -> 0
B9: =1+B8 -> 88 | C9: Aplicador para polvo magnético estandar | D9: Unidad | E9: 1 | F9: 0 | G9: 0 | H9: 0 | I9: 0 | J9: 0 | K9: 0 | L9: =SUM(E9:K9) -> 1 | M9: 186116 | O9: =ROUND(GEOMEAN(M9:N9),0) -> 186116 | P9: =+O9*L9 -> 186116 | S9: 171360 | T9: =+O9*E9 -> 186116 | U9: =+O9*F9 -> 0 | V9: =+O9*G9 -> 0 | W9: =+O9*H9 -> 0 | X9: =+O9*I9 -> 0 | Y9: =+O9*J9 -> 0 | Z9: =+O9*K9 -> 0
B10: =1+B9 -> 89 | C10: Aplicador para polvo magnético MEGAWAND | D10: Unidad | E10: 1 | F10: 0 | G10: 0 | H10: 0 | I10: 0 | J10: 0 | K10: 0 | L10: =SUM(E10:K10) -> 1 | M10: 244664 | O10: =ROUND(GEOMEAN(M10:N10),0) -> 244664 | P10: =+O10*L10 -> 244664 | S10: 224910 | T10: =+O10*E10 -> 244664 | U10: =+O10*F10 -> 0 | V10: =+O10*G10 -> 0 | W10: =+O10*H10 -> 0 | X10: =+O10*I10 -> 0 | Y10: =+O10*J10 -> 0 | Z10: =+O10*K10 -> 0
B11: =1+B10 -> 90 | C11: Aplicador para polvo magnético GIGAMAG | D11: Unidad | E11: 1 | F11: 0 | G11: 0 | H11: 0 | I11: 0 | J11: 0 | K11: 0 | L11: =SUM(E11:K11) -> 1 | M11: 630343 | N11: =(S11)*(1+(13.12/100)) -> 602560.83 | O11: =ROUND(GEOMEAN(M11:N11),0) -> 616295 | P11: =+O11*L11 -> 616295 | S11: 532674 | T11: =+O11*E11 -> 616295 | U11: =+O11*F11 -> 0 | V11: =+O11*G11 -> 0 | W11: =+O11*H11 -> 0 | X11: =+O11*I11 -> 0 | Y11: =+O11*J11 -> 0 | Z11: =+O11*K11 -> 0
B12: =1+B11 -> 91 | C12: Plumero Marabu, blanco.Longitud de la pluma de 12 cm (Brocha de fibra de avestruz de 12 cm, color blanco) | D12: Unidad | E12: 5 | F12: 0 | G12: 0 | H12: 0 | I12: 0 | J12: 1 | K12: 0 | L12: =SUM(E12:K12) -> 6 | M12: =98200*1.19 -> 116858 | O12: =ROUND(GEOMEAN(M12:N12),0) -> 116858 | P12: =+O12*L12 -> 701148 | S12: 103709 | T12: =+O12*E12 -> 584290 | U12: =+O12*F12 -> 0 | V12: =+O12*G12 -> 0 | W12: =+O12*H12 -> 0 | X12: =+O12*I12 -> 0 | Y12: =+O12*J12 -> 116858 | Z12: =+O12*K12 -> 0
B13: =1+B12 -> 92 | C13: Brocha de fibra de carbono de 5,0 cm. | D13: Unidad | E13: 5 | F13: 0 | G13: 0 | H13: 0 | I13: 0 | J13: 2 | K13: 0 | L13: =SUM(E13:K13) -> 7 | M13: 244664 | N13: =(S13)*(1+(13.12/100)) -> 233023.81 | O13: =ROUND(GEOMEAN(M13:N13),0) -> 238773 | P13: =+O13*L13 -> 1671411 | S13: 205997 | T13: =+O13*E13 -> 1193865 | U13: =+O13*F13 -> 0 | V13: =+O13*G13 -> 0 | W13: =+O13*H13 -> 0 | X13: =+O13*I13 -> 0 | Y13: =+O13*J13 -> 477546 | Z13: =+O13*K13 -> 0
B14: =1+B13 -> 93 | C14: Cepillo de fibra de vidrio de tamaño estándar con mango de plástico. Cerda de mímimo 5cm de largo | D14: Unidad | E14: 5 | F14: 0 | G14: 0 | H14: 0 | I14: 0 | J14: 0 | K14: 0 | L14: =SUM(E14:K14) -> 5 | M14: 87703 | O14: =ROUND(GEOMEAN(M14:N14),0) -> 87703 | P14: =+O14*L14 -> 438515 | S14: 84103 | T14: =+O14*E14 -> 438515 | U14: =+O14*F14 -> 0 | V14: =+O14*G14 -> 0 | W14: =+O14*H14 -> 0 | X14: =+O14*I14 -> 0 | Y14: =+O14*J14 -> 0 | Z14: =+O14*K14 -> 0
B15: =1+B14 -> 94 | C15: Minicepillo de fibra de vidrio con luz LED de alta intensidad (azul) | D15: Unidad | E15: 2 | F15: 0 | G15: 0 | H15: 0 | I15: 0 | J15: 3 | K15: 0 | L15: =SUM(E15:K15) -> 5 | M15: 572033 | N15: =(S15)*(1+(13.12/100)) -> 538530.38 | O15: =ROUND(GEOMEAN(M15:N15),0) -> 555029 | P15: =+O15*L15 -> 2775145 | S15: 476070 | T15: =+O15*E15 -> 1110058 | U15: =+O15*F15 -> 0 | V15: =+O15*G15 -> 0 | W15: =+O15*H15 -> 0 | X15: =+O15*I15 -> 0 | Y15: =+O15*J15 -> 1665087 | Z15: =+O15*K15 -> 0
B16: =1+B15 -> 95 | C16: Minicepillo de fibra de vidrio con luz LED de alta intensidad (azul) para mejorar visisbilidad de huellas dactilares latentes utilizando polvos fluorescentes. | D16: Unidad | E16: 2 | F16: 0 | G16: 0 | H16: 0 | I16: 0 | J16: 2 | K16: 1 | L16: =SUM(E16:K16) -> 5 | M16: 686392 | N16: =(S16)*(1+(13.12/100)) -> 646029.45 | O16: =ROUND(GEOMEAN(M16:N16),0) -> 665905 | P16: =+O16*L16 -> 3329525 | S16: 571101 | T16: =+O16*E16 -> 1331810 | U16: =+O16*F16 -> 0 | V16: =+O16*G16 -> 0 | W16: =+O16*H16 -> 0 | X16: =+O16*I16 -> 0 | Y16: =+O16*J16 -> 1331810 | Z16: =+O16*K16 -> 665905
B17: =1+B16 -> 96 | C17: Planchas rectangulares de acero inoxidable para reseña dactilar, 25 cm x 10 (largo x ancho). | D17: Unidad | E17: 10 | F17: 0 | G17: 0 | H17: 0 | I17: 12 | J17: 0 | K17: 0 | L17: =SUM(E17:K17) -> 22 | M17: 118167 | N17: =(S17)*(1+(13.12/100)) -> 112205.99 | O17: =ROUND(GEOMEAN(M17:N17),0) -> 115148 | P17: =+O17*L17 -> 2533256 | S17: 99192 | T17: =+O17*E17 -> 1151480 | U17: =+O17*F17 -> 0 | V17: =+O17*G17 -> 0 | W17: =+O17*H17 -> 0 | X17: =+O17*I17 -> 1381776 | Y17: =+O17*J17 -> 0 | Z17: =+O17*K17 -> 0
B18: =1+B17 -> 97 | C18: Rodillo de tinta para huellas dactilares, de fácil agarre, tamaño 3" | D18: Unidad | E18: 10 | F18: 0 | G18: 0 | H18: 5 | I18: 10 | J18: 15 | K18: 2 | L18: =SUM(E18:K18) -> 42 | M18: 141253 | N18: =(S18)*(1+(13.12/100)) -> 133149.03 | O18: =ROUND(GEOMEAN(M18:N18),0) -> 137141 | P18: =+O18*L18 -> 5759922 | S18: 117706 | T18: =+O18*E18 -> 1371410 | U18: =+O18*F18 -> 0 | V18: =+O18*G18 -> 0 | W18: =+O18*H18 -> 685705 | X18: =+O18*I18 -> 1371410 | Y18: =+O18*J18 -> 2057115 | Z18: =+O18*K18 -> 274282
B19: =1+B18 -> 98 | C19: Tinta para huellas dactilares. | D19: Tubo * 2 onzas | E19: 10 | F19: 0 | G19: 0 | H19: 10 | I19: 12 | J19: 5 | K19: 5 | L19: =SUM(E19:K19) -> 42 | M19: 57239 | N19: =(S19)*(1+(13.12/100)) -> 55675.402 | O19: =ROUND(GEOMEAN(M19:N19),0) -> 56452 | P19: =+O19*L19 -> 2370984 | S19: 49218 | T19: =+O19*E19 -> 564520 | U19: =+O19*F19 -> 0 | V19: =+O19*G19 -> 0 | W19: =+O19*H19 -> 564520 | X19: =+O19*I19 -> 677424 | Y19: =+O19*J19 -> 282260 | Z19: =+O19*K19 -> 282260
B20: =1+B19 -> 99 | C20: Almohadillas de tinta referencia PRINTMATIC™ con estuche de polipropileno, tapa con cierre a presión positivo de 16 cm largo x 8cm ancho | D20: Unidad | E20: 5 | F20: 0 | G20: 0 | H20: 5 | I20: 6 | J20: 0 | K20: 5 | L20: =SUM(E20:K20) -> 21 | M20: 210511 | O20: =ROUND(GEOMEAN(M20:N20),0) -> 210511 | P20: =+O20*L20 -> 4420731 | S20: 187730 | T20: =+O20*E20 -> 1052555 | U20: =+O20*F20 -> 0 | V20: =+O20*G20 -> 0 | W20: =+O20*H20 -> 1052555 | X20: =+O20*I20 -> 1263066 | Y20: =+O20*J20 -> 0 | Z20: =+O20*K20 -> 1052555
B21: =1+B20 -> 100 | C21: Limpiador no inflamable para eliminar la tinta de huellas dactilares de las placas de tinta, los rodillos y las manos. | D21: Tarro * 128 onzas | E21: 2 | F21: 0 | G21: 0 | H21: 0 | I21: 6 | J21: 1 | K21: 0 | L21: =SUM(E21:K21) -> 9 | M21: 250733 | O21: =ROUND(GEOMEAN(M21:N21),0) -> 250733 | P21: =+O21*L21 -> 2256597 | S21: 313603 | T21: =+O21*E21 -> 501466 | U21: =+O21*F21 -> 0 | V21: =+O21*G21 -> 0 | W21: =+O21*H21 -> 0 | X21: =+O21*I21 -> 1504398 | Y21: =+O21*J21 -> 250733 | Z21: =+O21*K21 -> 0
B22: =1+B21 -> 101 | C22: Trasplantadores dobles, base blanca 2" X4" | D22: Unidad | E22: 5 | F22: 0 | G22: 0 | H22: 0 | I22: 0 | J22: 0 | K22: 0 | L22: =SUM(E22:K22) -> 5 | M22: 68187 | O22: =ROUND(GEOMEAN(M22:N22),0) -> 68187 | P22: =+O22*L22 -> 340935 | S22: 63070 | T22: =+O22*E22 -> 340935 | U22: =+O22*F22 -> 0 | V22: =+O22*G22 -> 0 | W22: =+O22*H22 -> 0 | X22: =+O22*I22 -> 0 | Y22: =+O22*J22 -> 0 | Z22: =+O22*K22 -> 0
B23: =1+B22 -> 102 | C23: Trasplantadores dobles, base negra 2" X4" | D23: Unidad | E23: 5 | F23: 0 | G23: 0 | H23: 0 | I23: 0 | J23: 0 | K23: 0 | L23: =SUM(E23:K23) -> 5 | M23: 73066 | O23: =ROUND(GEOMEAN(M23:N23),0) -> 73066 | P23: =+O23*L23 -> 365330 | S23: 67830 | T23: =+O23*E23 -> 365330 | U23: =+O23*F23 -> 0 | V23: =+O23*G23 -> 0 | W23: =+O23*H23 -> 0 | X23: =+O23*I23 -> 0 | Y23: =+O23*J23 -> 0 | Z23: =+O23*K23 -> 0
B24: =1+B23 -> 103 | C24: Removedor de cintas adhesivas, etiquetas y sellos | D24: Frasco * 4 onzas | E24: 5 | F24: 0 | G24: 0 | H24: 2 | I24: 0 | J24: 0 | K24: 0 | L24: =SUM(E24:K24) -> 7 | M24: 102340 | N24: =(S24)*(1+(13.12/100)) -> 84373.946 | O24: =ROUND(GEOMEAN(M24:N24),0) -> 92924 | P24: =+O24*L24 -> 650468 | S24: 74588 | T24: =+O24*E24 -> 464620 | U24: =+O24*F24 -> 0 | V24: =+O24*G24 -> 0 | W24: =+O24*H24 -> 185848 | X24: =+O24*I24 -> 0 | Y24: =+O24*J24 -> 0 | Z24: =+O24*K24 -> 0
B25: =1+B24 -> 104 | C25: Amarillo básico (basic yelow) en spray. | D25: Frasco * 500 ml | E25: 20 | F25: 4 | G25: 1 | H25: 0 | I25: 0 | J25: 10 | K25: 0 | L25: =SUM(E25:K25) -> 35 | M25: 265846 | N25: =(S25)*(1+(13.12/100)) -> 222435.77 | O25: =ROUND(GEOMEAN(M25:N25),0) -> 243174 | P25: =+O25*L25 -> 8511090 | S25: 196637 | T25: =+O25*E25 -> 4863480 | U25: =+O25*F25 -> 972696 | V25: =+O25*G25 -> 243174 | W25: =+O25*H25 -> 0 | X25: =+O25*I25 -> 0 | Y25: =+O25*J25 -> 2431740 | Z25: =+O25*K25 -> 0
B26: =1+B25 -> 105 | C26: Rojo Húngaro en spray para teñir las impresiones que se encuentran en la sangre | D26: Frasco * 500 ml | E26: 2 | F26: 0 | G26: 0 | H26: 0 | I26: 0 | J26: 0 | K26: 0 | L26: =SUM(E26:K26) -> 2 | M26: 339507 | O26: =ROUND(GEOMEAN(M26:N26),0) -> 339507 | P26: =+O26*L26 -> 679014 | S26: 305570 | T26: =+O26*E26 -> 679014 | U26: =+O26*F26 -> 0 | V26: =+O26*G26 -> 0 | W26: =+O26*H26 -> 0 | X26: =+O26*I26 -> 0 | Y26: =+O26*J26 -> 0 | Z26: =+O26*K26 -> 0
B27: =1+B26 -> 106 | C27: Tinte fluorescente Ardrox en spray | D27: Frasco * 500 ml | E27: 10 | F27: 0 | G27: 0 | H27: 0 | I27: 0 | J27: 0 | K27: 0 | L27: =SUM(E27:K27) -> 10 | M27: 218960 | N27: =(S27)*(1+(13.12/100)) -> 186340.31 | O27: =ROUND(GEOMEAN(M27:N27),0) -> 201993 | P27: =+O27*L27 -> 2019930 | S27: 164728 | T27: =+O27*E27 -> 2019930 | U27: =+O27*F27 -> 0 | V27: =+O27*G27 -> 0 | W27: =+O27*H27 -> 0 | X27: =+O27*I27 -> 0 | Y27: =+O27*J27 -> 0 | Z27: =+O27*K27 -> 0
B28: =1+B27 -> 107 | C28: Amido black. | D28: Frasco * 25 g | E28: 2 | F28: 0 | G28: 0 | H28: 0 | I28: 0 | J28: 0 | K28: 0 | L28: =SUM(E28:K28) -> 2 | M28: 114478 | N28: =(S28)*(1+(13.12/100)) -> 107483.23 | O28: =ROUND(GEOMEAN(M28:N28),0) -> 110925 | P28: =+O28*L28 -> 221850 | S28: 95017 | T28: =+O28*E28 -> 221850 | U28: =+O28*F28 -> 0 | V28: =+O28*G28 -> 0 | W28: =+O28*H28 -> 0 | X28: =+O28*I28 -> 0 | Y28: =+O28*J28 -> 0 | Z28: =+O28*K28 -> 0
B29: =1+B28 -> 108 | C29: Revelador físico | D29: Frasco * 1 L | E29: 1 | F29: 0 | G29: 0 | H29: 0 | I29: 0 | J29: 0 | K29: 0 | L29: =SUM(E29:K29) -> 1 | M29: 795991 | N29: =(S29)*(1+(13.12/100)) -> 631900.76 | O29: =ROUND(GEOMEAN(M29:N29),0) -> 709216 | P29: =+O29*L29 -> 709216 | S29: 558611 | T29: =+O29*E29 -> 709216 | U29: =+O29*F29 -> 0 | V29: =+O29*G29 -> 0 | W29: =+O29*H29 -> 0 | X29: =+O29*I29 -> 0 | Y29: =+O29*J29 -> 0 | Z29: =+O29*K29 -> 0
B30: =1+B29 -> 109 | C30: Diazafluoreno en spary | D30: Frasco * 100 ml | E30: 3 | F30: 0 | G30: 0 | H30: 0 | I30: 0 | J30: 0 | K30: 0 | L30: =SUM(E30:K30) -> 3 | M30: 360213 | N30: =(S30)*(1+(13.12/100)) -> 354876.67 | O30: =ROUND(GEOMEAN(M30:N30),0) -> 357535 | P30: =+O30*L30 -> 1072605 | S30: 313717 | T30: =+O30*E30 -> 1072605 | U30: =+O30*F30 -> 0 | V30: =+O30*G30 -> 0 | W30: =+O30*H30 -> 0 | X30: =+O30*I30 -> 0 | Y30: =+O30*J30 -> 0 | Z30: =+O30*K30 -> 0
B31: =1+B30 -> 110 | C31: Pistola de vapor desechable con yodo | D31: Paquete * 6 unidades | E31: 5 | F31: 0 | G31: 0 | H31: 0 | I31: 0 | J31: 0 | K31: 0 | L31: =SUM(E31:K31) -> 5 | M31: 484925 | N31: =(S31)*(1+(13.12/100)) -> 366042.75 | O31: =ROUND(GEOMEAN(M31:N31),0) -> 421311 | P31: =+O31*L31 -> 2106555 | S31: 323588 | T31: =+O31*E31 -> 2106555 | U31: =+O31*F31 -> 0 | V31: =+O31*G31 -> 0 | W31: =+O31*H31 -> 0 | X31: =+O31*I31 -> 0 | Y31: =+O31*J31 -> 0 | Z31: =+O31*K31 -> 0
B32: =1+B31 -> 111 | C32: Ninhidrina fórmula especial en spray. Rociador de ninhidrina fórmula especial en spray | D32: Frasco * 8 onzas | E32: 5 | F32: 3 | G32: 1 | H32: 2 | I32: 0 | J32: 0 | K32: 0 | L32: =SUM(E32:K32) -> 11 | M32: 530145 | N32: =(S32)*(1+(13.12/100)) -> 413053.16 | O32: =ROUND(GEOMEAN(M32:N32),0) -> 467951 | P32: =+O32*L32 -> 5147461 | S32: 365146 | T32: =+O32*E32 -> 2339755 | U32: =+O32*F32 -> 1403853 | V32: =+O32*G32 -> 467951 | W32: =+O32*H32 -> 935902 | X32: =+O32*I32 -> 0 | Y32: =+O32*J32 -> 0 | Z32: =+O32*K32 -> 0
B33: =1+B32 -> 112 | C33: Nitrato de plata en spray. | D33: Frasco * 8 onzas | E33: 5 | F33: 3 | G33: 0 | H33: 0 | I33: 0 | J33: 0 | K33: 0 | L33: =SUM(E33:K33) -> 8 | M33: 375445 | N33: =(S33)*(1+(13.12/100)) -> 294358.6 | O33: =ROUND(GEOMEAN(M33:N33),0) -> 332439 | P33: =+O33*L33 -> 2659512 | S33: 260218 | T33: =+O33*E33 -> 1662195 | U33: =+O33*F33 -> 997317 | V33: =+O33*G33 -> 0 | W33: =+O33*H33 -> 0 | X33: =+O33*I33 -> 0 | Y33: =+O33*J33 -> 0 | Z33: =+O33*K33 -> 0
B34: =1+B33 -> 113 | C34: Solución ezflo | D34: Frasco * 6 onzas | E34: 1 | F34: 0 | G34: 0 | H34: 0 | I34: 0 | J34: 2 | K34: 0 | L34: =SUM(E34:K34) -> 3 | M34: 100793 | N34: =(S34)*(1+(13.12/100)) -> 82027.837 | O34: =ROUND(GEOMEAN(M34:N34),0) -> 90928 | P34: =+O34*L34 -> 272784 | S34: 72514 | T34: =+O34*E34 -> 90928 | U34: =+O34*F34 -> 0 | V34: =+O34*G34 -> 0 | W34: =+O34*H34 -> 0 | X34: =+O34*I34 -> 0 | Y34: =+O34*J34 -> 181856 | Z34: =+O34*K34 -> 0
B35: =1+B34 -> 114 | C35: Sudan black. | D35: Frasco * 30 g | E35: 1 | F35: 0 | G35: 0 | H35: 0 | I35: 0 | J35: 0 | K35: 0 | L35: =SUM(E35:K35) -> 1 | M35: 290836 | N35: =(S35)*(1+(13.12/100)) -> 295727.35 | O35: =ROUND(GEOMEAN(M35:N35),0) -> 293271 | P35: =+O35*L35 -> 293271 | S35: 261428 | T35: =+O35*E35 -> 293271 | U35: =+O35*F35 -> 0 | V35: =+O35*G35 -> 0 | W35: =+O35*H35 -> 0 | X35: =+O35*I35 -> 0 | Y35: =+O35*J35 -> 0 | Z35: =+O35*K35 -> 0
B36: =1+B35 -> 115 | C36: Ninhidrina HT en spray | D36: Frasco * 8 onzas | E36: 3 | F36: 0 | G36: 1 | H36: 0 | I36: 0 | J36: 0 | K36: 0 | L36: =SUM(E36:K36) -> 4 | M36: 608804 | N36: =(S36)*(1+(13.12/100)) -> 502844.42 | O36: =ROUND(GEOMEAN(M36:N36),0) -> 553293 | P36: =+O36*L36 -> 2213172 | S36: 444523 | T36: =+O36*E36 -> 1659879 | U36: =+O36*F36 -> 0 | V36: =+O36*G36 -> 553293 | W36: =+O36*H36 -> 0 | X36: =+O36*I36 -> 0 | Y36: =+O36*J36 -> 0 | Z36: =+O36*K36 -> 0
B37: =1+B36 -> 116 | C37: Aerosol de Nihidrina con acetona | D37: Frasco * 11 onzas | E37: 3 | F37: 1 | G37: 1 | H37: 0 | I37: 0 | J37: 0 | K37: 0 | L37: =SUM(E37:K37) -> 5 | M37: 200158 | N37: =(S37)*(1+(13.12/100)) -> 172425.42 | O37: =ROUND(GEOMEAN(M37:N37),0) -> 185775 | P37: =+O37*L37 -> 928875 | S37: 152427 | T37: =+O37*E37 -> 557325 | U37: =+O37*F37 -> 185775 | V37: =+O37*G37 -> 185775 | W37: =+O37*H37 -> 0 | X37: =+O37*I37 -> 0 | Y37: =+O37*J37 -> 0 | Z37: =+O37*K37 -> 0
B38: =1+B37 -> 117 | C38: Solución de nitrato de plata en spray. | D38: Frasco * 8 onzas | E38: 1 | F38: 0 | G38: 0 | H38: 0 | I38: 0 | J38: 0 | K38: 0 | L38: =SUM(E38:K38) -> 1 | M38: 584171 | N38: =(S38)*(1+(13.12/100)) -> 426412.63 | O38: =ROUND(GEOMEAN(M38:N38),0) -> 499097 | P38: =+O38*L38 -> 499097 | S38: 376956 | T38: =+O38*E38 -> 499097 | U38: =+O38*F38 -> 0 | V38: =+O38*G38 -> 0 | W38: =+O38*H38 -> 0 | X38: =+O38*I38 -> 0 | Y38: =+O38*J38 -> 0 | Z38: =+O38*K38 -> 0
B39: =1+B38 -> 118 | C39: Combinación cepillo/polvo FACII, negro seda | D39: Unidad | E39: 2 | F39: 0 | G39: 0 | H39: 0 | I39: 0 | J39: 0 | K39: 0 | L39: =SUM(E39:K39) -> 2 | M39: 321300 | O39: =ROUND(GEOMEAN(M39:N39),0) -> 321300 | P39: =+O39*L39 -> 642600 | S39: 288718 | T39: =+O39*E39 -> 642600 | U39: =+O39*F39 -> 0 | V39: =+O39*G39 -> 0 | W39: =+O39*H39 -> 0 | X39: =+O39*I39 -> 0 | Y39: =+O39*J39 -> 0 | Z39: =+O39*K39 -> 0
B40: =1+B39 -> 119 | C40: Polvo magnético plateado/negro para huellas dactilares | D40: Frasco * 1 onza | E40: 1 | F40: 0 | G40: 0 | H40: 0 | I40: 0 | J40: 0 | K40: 0 | L40: =SUM(E40:K40) -> 1 | M40: 91273 | N40: =(S40)*(1+(13.12/100)) -> 87498.32 | O40: =ROUND(GEOMEAN(M40:N40),0) -> 89366 | P40: =+O40*L40 -> 89366 | S40: 77350 | T40: =+O40*E40 -> 89366 | U40: =+O40*F40 -> 0 | V40: =+O40*G40 -> 0 | W40: =+O40*H40 -> 0 | X40: =+O40*I40 -> 0 | Y40: =+O40*J40 -> 0 | Z40: =+O40*K40 -> 0
B41: =1+B40 -> 120 | C41: Polvo fluorescente para impresiones dactilares amarillo. | D41: Frasco * 2 onzas | E41: 1 | F41: 0 | G41: 0 | H41: 0 | I41: 0 | J41: 0 | K41: 0 | L41: =SUM(E41:K41) -> 1 | M41: 102221 | O41: =ROUND(GEOMEAN(M41:N41),0) -> 102221 | P41: =+O41*L41 -> 102221 | S41: 94010 | T41: =+O41*E41 -> 102221 | U41: =+O41*F41 -> 0 | V41: =+O41*G41 -> 0 | W41: =+O41*H41 -> 0 | X41: =+O41*I41 -> 0 | Y41: =+O41*J41 -> 0 | Z41: =+O41*K41 -> 0
B42: =1+B41 -> 121 | C42: Polvo magnético fluorescente amarillo | D42: Frasco * 1 onza | E42: 1 | F42: 0 | G42: 0 | H42: 0 | I42: 0 | J42: 0 | K42: 0 | L42: =SUM(E42:K42) -> 1 | M42: 65688 | O42: =ROUND(GEOMEAN(M42:N42),0) -> 65688 | P42: =+O42*L42 -> 65688 | S42: 60771 | T42: =+O42*E42 -> 65688 | U42: =+O42*F42 -> 0 | V42: =+O42*G42 -> 0 | W42: =+O42*H42 -> 0 | X42: =+O42*I42 -> 0 | Y42: =+O42*J42 -> 0 | Z42: =+O42*K42 -> 0
B43: =1+B42 -> 122 | C43: Polvo magnético fluorescente naranja | D43: Frasco * 16 onzas | E43: 1 | F43: 0 | G43: 0 | H43: 0 | I43: 0 | J43: 0 | K43: 0 | L43: =SUM(E43:K43) -> 1 | M43: 555016 | N43: =(S43)*(1+(13.12/100)) -> 536520.24 | O43: =ROUND(GEOMEAN(M43:N43),0) -> 545690 | P43: =+O43*L43 -> 545690 | S43: 474293 | T43: =+O43*E43 -> 545690 | U43: =+O43*F43 -> 0 | V43: =+O43*G43 -> 0 | W43: =+O43*H43 -> 0 | X43: =+O43*I43 -> 0 | Y43: =+O43*J43 -> 0 | Z43: =+O43*K43 -> 0
B44: =1+B43 -> 123 | C44: Polvo magnético fluorescente rojo | D44: Frasco * 1 onza | E44: 1 | F44: 0 | G44: 0 | H44: 0 | I44: 0 | J44: 0 | K44: 0 | L44: =SUM(E44:K44) -> 1 | M44: 84014 | N44: =(S44)*(1+(13.12/100)) -> 78748.488 | O44: =ROUND(GEOMEAN(M44:N44),0) -> 81339 | P44: =+O44*L44 -> 81339 | S44: 69615 | T44: =+O44*E44 -> 81339 | U44: =+O44*F44 -> 0 | V44: =+O44*G44 -> 0 | W44: =+O44*H44 -> 0 | X44: =+O44*I44 -> 0 | Y44: =+O44*J44 -> 0 | Z44: =+O44*K44 -> 0
B45: =1+B44 -> 124 | C45: Polvo magnético fluorescente verde | D45: Frasco * 1 onza | E45: 1 | F45: 0 | G45: 0 | H45: 0 | I45: 0 | J45: 0 | K45: 0 | L45: =SUM(E45:K45) -> 1 | M45: 75565 | N45: =(S45)*(1+(13.12/100)) -> 74710.104 | O45: =ROUND(GEOMEAN(M45:N45),0) -> 75136 | P45: =+O45*L45 -> 75136 | S45: 66045 | T45: =+O45*E45 -> 75136 | U45: =+O45*F45 -> 0 | V45: =+O45*G45 -> 0 | W45: =+O45*H45 -> 0 | X45: =+O45*I45 -> 0 | Y45: =+O45*J45 -> 0 | Z45: =+O45*K45 -> 0
B46: =1+B45 -> 125 | C46: Reactivo fluorescente naranja. | D46: Frasco * 2 onzas | E46: 1 | F46: 0 | G46: 0 | H46: 0 | I46: 0 | J46: 0 | K46: 0 | L46: =SUM(E46:K46) -> 1 | M46: 102221 | O46: =ROUND(GEOMEAN(M46:N46),0) -> 102221 | P46: =+O46*L46 -> 102221 | S46: 94010 | T46: =+O46*E46 -> 102221 | U46: =+O46*F46 -> 0 | V46: =+O46*G46 -> 0 | W46: =+O46*H46 -> 0 | X46: =+O46*I46 -> 0 | Y46: =+O46*J46 -> 0 | Z46: =+O46*K46 -> 0
B47: =1+B46 -> 126 | C47: Reactivo fluorescente rojo. | D47: Frasco * 2 onzas | E47: 1 | F47: 0 | G47: 0 | H47: 0 | I47: 0 | J47: 0 | K47: 0 | L47: =SUM(E47:K47) -> 1 | M47: 102221 | N47: =(S47)*(1+(13.12/100)) -> 99613.472 | O47: =ROUND(GEOMEAN(M47:N47),0) -> 100909 | P47: =+O47*L47 -> 100909 | S47: 88060 | T47: =+O47*E47 -> 100909 | U47: =+O47*F47 -> 0 | V47: =+O47*G47 -> 0 | W47: =+O47*H47 -> 0 | X47: =+O47*I47 -> 0 | Y47: =+O47*J47 -> 0 | Z47: =+O47*K47 -> 0
B48: =1+B47 -> 127 | C48: Reactivo fluorescente verde. | D48: Frasco * 2 onzas | E48: 1 | F48: 0 | G48: 0 | H48: 0 | I48: 0 | J48: 0 | K48: 0 | L48: =SUM(E48:K48) -> 1 | M48: 102221 | O48: =ROUND(GEOMEAN(M48:N48),0) -> 102221 | P48: =+O48*L48 -> 102221 | S48: 94010 | T48: =+O48*E48 -> 102221 | U48: =+O48*F48 -> 0 | V48: =+O48*G48 -> 0 | W48: =+O48*H48 -> 0 | X48: =+O48*I48 -> 0 | Y48: =+O48*J48 -> 0 | Z48: =+O48*K48 -> 0
B49: =1+B48 -> 128 | C49: . Polvo magnético gris | D49: Frasco * 1 onza | E49: 1 | F49: 0 | G49: 0 | H49: 0 | I49: 0 | J49: 0 | K49: 0 | L49: =SUM(E49:K49) -> 1 | M49: 68187 | O49: =ROUND(GEOMEAN(M49:N49),0) -> 68187 | P49: =+O49*L49 -> 68187 | S49: 63070 | T49: =+O49*E49 -> 68187 | U49: =+O49*F49 -> 0 | V49: =+O49*G49 -> 0 | W49: =+O49*H49 -> 0 | X49: =+O49*I49 -> 0 | Y49: =+O49*J49 -> 0 | Z49: =+O49*K49 -> 0
B50: =1+B49 -> 129 | C50: Polvo magnético negro | D50: Frasco * 1 onza | E50: 1 | F50: 0 | G50: 0 | H50: 0 | I50: 0 | J50: 0 | K50: 0 | L50: =SUM(E50:K50) -> 1 | M50: 68187 | O50: =ROUND(GEOMEAN(M50:N50),0) -> 68187 | P50: =+O50*L50 -> 68187 | S50: 63070 | T50: =+O50*E50 -> 68187 | U50: =+O50*F50 -> 0 | V50: =+O50*G50 -> 0 | W50: =+O50*H50 -> 0 | X50: =+O50*I50 -> 0 | Y50: =+O50*J50 -> 0 | Z50: =+O50*K50 -> 0
B51: =1+B50 -> 130 | C51: Reactivo magnucle | D51: Frasco * 1 onza | E51: 1 | F51: 0 | G51: 0 | H51: 0 | I51: 0 | J51: 0 | K51: 0 | L51: =SUM(E51:K51) -> 1 | M51: 96152 | N51: =(S51)*(1+(13.12/100)) -> 100203.96 | O51: =ROUND(GEOMEAN(M51:N51),0) -> 98157 | P51: =+O51*L51 -> 98157 | S51: 88582 | T51: =+O51*E51 -> 98157 | U51: =+O51*F51 -> 0 | V51: =+O51*G51 -> 0 | W51: =+O51*H51 -> 0 | X51: =+O51*I51 -> 0 | Y51: =+O51*J51 -> 0 | Z51: =+O51*K51 -> 0
B52: =1+B51 -> 131 | C52: Polvo para revelado de cintas adhesivas-blanco | D52: Frasco * 50 g | E52: 1 | F52: 0 | G52: 0 | H52: 0 | I52: 0 | J52: 0 | K52: 0 | L52: =SUM(E52:K52) -> 1 | M52: 191114 | N52: =(S52)*(1+(13.12/100)) -> 199226.94 | O52: =ROUND(GEOMEAN(M52:N52),0) -> 195128 | P52: =+O52*L52 -> 195128 | S52: 176120 | T52: =+O52*E52 -> 195128 | U52: =+O52*F52 -> 0 | V52: =+O52*G52 -> 0 | W52: =+O52*H52 -> 0 | X52: =+O52*I52 -> 0 | Y52: =+O52*J52 -> 0 | Z52: =+O52*K52 -> 0
B53: =1+B52 -> 132 | C53: Polvo para revelado de cintas adhesivas negro | D53: Frasco * 50 g | E53: 1 | F53: 0 | G53: 0 | H53: 0 | I53: 0 | J53: 0 | K53: 0 | L53: =SUM(E53:K53) -> 1 | M53: 191114 | O53: =ROUND(GEOMEAN(M53:N53),0) -> 191114 | P53: =+O53*L53 -> 191114 | S53: 176520 | T53: =+O53*E53 -> 191114 | U53: =+O53*F53 -> 0 | V53: =+O53*G53 -> 0 | W53: =+O53*H53 -> 0 | X53: =+O53*I53 -> 0 | Y53: =+O53*J53 -> 0 | Z53: =+O53*K53 -> 0
B54: =1+B53 -> 133 | C54: Resaltador de crestas EZ SCAN. | D54: Frasco de 45 mL (1.5 oz) | E54: 4 | F54: 0 | G54: 0 | H54: 0 | I54: 0 | J54: 0 | K54: 0 | L54: =SUM(E54:K54) -> 4 | M54: 219079 | O54: =ROUND(GEOMEAN(M54:N54),0) -> 219079 | P54: =+O54*L54 -> 876316 | S54: 202300 | T54: =+O54*E54 -> 876316 | U54: =+O54*F54 -> 0 | V54: =+O54*G54 -> 0 | W54: =+O54*H54 -> 0 | X54: =+O54*I54 -> 0 | Y54: =+O54*J54 -> 0 | Z54: =+O54*K54 -> 0
B55: =1+B54 -> 134 | C55: Reactivo pulverulento gris. | D55: Frasco * 2 onzas | E55: 1 | F55: 0 | G55: 0 | H55: 0 | I55: 0 | J55: 0 | K55: 0 | L55: =SUM(E55:K55) -> 1 | M55: 60928 | O55: =ROUND(GEOMEAN(M55:N55),0) -> 60928 | P55: =+O55*L55 -> 60928 | S55: 55930 | T55: =+O55*E55 -> 60928 | U55: =+O55*F55 -> 0 | V55: =+O55*G55 -> 0 | W55: =+O55*H55 -> 0 | X55: =+O55*I55 -> 0 | Y55: =+O55*J55 -> 0 | Z55: =+O55*K55 -> 0
B56: =1+B55 -> 135 | C56: Reactivo pulverulento metálico gris. | D56: Frasco * 2 onzas | E56: 1 | F56: 0 | G56: 0 | H56: 0 | I56: 0 | J56: 0 | K56: 0 | L56: =SUM(E56:K56) -> 1 | M56: 65688 | O56: =ROUND(GEOMEAN(M56:N56),0) -> 65688 | P56: =+O56*L56 -> 65688 | S56: 59068 | T56: =+O56*E56 -> 65688 | U56: =+O56*F56 -> 0 | V56: =+O56*G56 -> 0 | W56: =+O56*H56 -> 0 | X56: =+O56*I56 -> 0 | Y56: =+O56*J56 -> 0 | Z56: =+O56*K56 -> 0
B57: =1+B56 -> 136 | C57: Reactivo pulverulento metálico dorado | D57: Frasco * 2 onzas | E57: 1 | F57: 0 | G57: 0 | H57: 0 | I57: 0 | J57: 0 | K57: 0 | L57: =SUM(E57:K57) -> 1 | M57: 75565 | N57: =(S57)*(1+(13.12/100)) -> 74466.896 | O57: =ROUND(GEOMEAN(M57:N57),0) -> 75014 | P57: =+O57*L57 -> 75014 | S57: 65830 | T57: =+O57*E57 -> 75014 | U57: =+O57*F57 -> 0 | V57: =+O57*G57 -> 0 | W57: =+O57*H57 -> 0 | X57: =+O57*I57 -> 0 | Y57: =+O57*J57 -> 0 | Z57: =+O57*K57 -> 0
B58: =1+B57 -> 137 | C58: Reactivo pulverulento negro de humo. | D58: Frasco * 2 onzas | E58: 1 | F58: 0 | G58: 0 | H58: 0 | I58: 0 | J58: 0 | K58: 0 | L58: =SUM(E58:K58) -> 1 | M58: 60928 | N58: =(S58)*(1+(13.12/100)) -> 63268.016 | O58: =ROUND(GEOMEAN(M58:N58),0) -> 62087 | P58: =+O58*L58 -> 62087 | S58: 55930 | T58: =+O58*E58 -> 62087 | U58: =+O58*F58 -> 0 | V58: =+O58*G58 -> 0 | W58: =+O58*H58 -> 0 | X58: =+O58*I58 -> 0 | Y58: =+O58*J58 -> 0 | Z58: =+O58*K58 -> 0
B59: =1+B58 -> 138 | C59: Reactivo pulverulento rojo brillante. | D59: Frasco * 2 onzas | E59: 1 | F59: 0 | G59: 0 | H59: 0 | I59: 0 | J59: 0 | K59: 0 | L59: =SUM(E59:K59) -> 1 | M59: 69496 | N59: =(S59)*(1+(13.12/100)) -> 68871.981 | O59: =ROUND(GEOMEAN(M59:N59),0) -> 69183 | P59: =+O59*L59 -> 69183 | S59: 60884 | T59: =+O59*E59 -> 69183 | U59: =+O59*F59 -> 0 | V59: =+O59*G59 -> 0 | W59: =+O59*H59 -> 0 | X59: =+O59*I59 -> 0 | Y59: =+O59*J59 -> 0 | Z59: =+O59*K59 -> 0
B60: =1+B59 -> 139 | C60: Cinta de polietileno para trasplante huellas latentes de 2 pulgadas de ancho. | D60: Rollo | E60: 2 | F60: 0 | G60: 0 | H60: 0 | I60: 0 | J60: 0 | K60: 0 | L60: =SUM(E60:K60) -> 2 | M60: 119238 | O60: =ROUND(GEOMEAN(M60:N60),0) -> 119238 | P60: =+O60*L60 -> 238476 | T60: =+O60*E60 -> 238476 | U60: =+O60*F60 -> 0 | V60: =+O60*G60 -> 0 | W60: =+O60*H60 -> 0 | X60: =+O60*I60 -> 0 | Y60: =+O60*J60 -> 0 | Z60: =+O60*K60 -> 0
B61: =1+B60 -> 140 | C61: Tarjetas control para camara cianocrilato 5X10cm | D61: Libro de 50 Unidades | E61: 10 | F61: 0 | G61: 0 | H61: 1 | I61: 0 | J61: 12 | K61: 1 | L61: =SUM(E61:K61) -> 24 | M61: 103768 | O61: =ROUND(GEOMEAN(M61:N61),0) -> 103768 | P61: =+O61*L61 -> 2490432 | T61: =+O61*E61 -> 1037680 | U61: =+O61*F61 -> 0 | V61: =+O61*G61 -> 0 | W61: =+O61*H61 -> 103768 | X61: =+O61*I61 -> 0 | Y61: =+O61*J61 -> 1245216 | Z61: =+O61*K61 -> 103768
B62: =1+B61 -> 141 | C62: METYL violeta | D62: Frasco x 25 gramos | E62: 1 | F62: 0 | G62: 0 | H62: 0 | I62: 0 | J62: 0 | K62: 0 | L62: =SUM(E62:K62) -> 1 | M62: 77945 | O62: =ROUND(GEOMEAN(M62:N62),0) -> 77945 | P62: =+O62*L62 -> 77945 | T62: =+O62*E62 -> 77945 | U62: =+O62*F62 -> 0 | V62: =+O62*G62 -> 0 | W62: =+O62*H62 -> 0 | X62: =+O62*I62 -> 0 | Y62: =+O62*J62 -> 0 | Z62: =+O62*K62 -> 0
B63: =1+B62 -> 142 | C63: Reactivo pequeña particula negro referencia SPR1001 | D63: Frasco x 500 ml | E63: 3 | F63: 0 | G63: 1 | H63: 0 | I63: 0 | J63: 0 | K63: 0 | L63: =SUM(E63:K63) -> 4 | M63: 105910 | O63: =ROUND(GEOMEAN(M63:N63),0) -> 105910 | P63: =+O63*L63 -> 423640 | T63: =+O63*E63 -> 317730 | U63: =+O63*F63 -> 0 | V63: =+O63*G63 -> 105910 | W63: =+O63*H63 -> 0 | X63: =+O63*I63 -> 0 | Y63: =+O63*J63 -> 0 | Z63: =+O63*K63 -> 0
B64: =1+B63 -> 143 | C64: Reactivo pequeña particula blanco referencia SPR2001 | D64: Frasco x 500 ml | E64: 3 | F64: 0 | G64: 1 | H64: 0 | I64: 0 | J64: 0 | K64: 0 | L64: =SUM(E64:K64) -> 4 | M64: 105910 | O64: =ROUND(GEOMEAN(M64:N64),0) -> 105910 | P64: =+O64*L64 -> 423640 | T64: =+O64*E64 -> 317730 | U64: =+O64*F64 -> 0 | V64: =+O64*G64 -> 105910 | W64: =+O64*H64 -> 0 | X64: =+O64*I64 -> 0 | Y64: =+O64*J64 -> 0 | Z64: =+O64*K64 -> 0
B65: =1+B64 -> 144 | C65: Reactivo pequeña particula fluorescente SPR400UV | D65: Frasco x 500 ml | E65: 3 | F65: 0 | G65: 1 | H65: 0 | I65: 0 | J65: 0 | K65: 0 | L65: =SUM(E65:K65) -> 4 | M65: 160293 | O65: =ROUND(GEOMEAN(M65:N65),0) -> 160293 | P65: =+O65*L65 -> 641172 | T65: =+O65*E65 -> 480879 | U65: =+O65*F65 -> 0 | V65: =+O65*G65 -> 160293 | W65: =+O65*H65 -> 0 | X65: =+O65*I65 -> 0 | Y65: =+O65*J65 -> 0 | Z65: =+O65*K65 -> 0
B66: =1+B65 -> 145 | C66: Kit de molde de silicona incluye : 1 - Goma de silicona líquida, 1 lb 1 - Vial de catalizador 1 - Agente desmoldante de caucho de silicona, rociador de bomba de 4 oz 1 - Cuchara de acero 1 - Recipiente plástico para mezclar, 1 cuarto de galón 1 - Espátula con hoja de acero de 7" | D66: Kit | E66: 2 | F66: 0 | G66: 0 | H66: 0 | I66: 0 | J66: 0 | K66: 0 | L66: =SUM(E66:K66) -> 2 | M66: 878696 | O66: =ROUND(GEOMEAN(M66:N66),0) -> 878696 | P66: =+O66*L66 -> 1757392 | T66: =+O66*E66 -> 1757392 | U66: =+O66*F66 -> 0 | V66: =+O66*G66 -> 0 | W66: =+O66*H66 -> 0 | X66: =+O66*I66 -> 0 | Y66: =+O66*J66 -> 0 | Z66: =+O66*K66 -> 0
B67: =1+B66 -> 146 | C67: Escala de evidencia fotográfica en vinilo de 15 centímetros fluorescente, para toma de fotografías con testigo métrico en Lofoscopia. | D67: Paquete 10 unidades | E67: 5 | F67: 0 | G67: 0 | H67: 1 | I67: 0 | J67: 2 | K67: 0 | L67: =SUM(E67:K67) -> 8 | M67: 110789 | O67: =ROUND(GEOMEAN(M67:N67),0) -> 110789 | P67: =+O67*L67 -> 886312 | T67: =+O67*E67 -> 553945 | U67: =+O67*F67 -> 0 | V67: =+O67*G67 -> 0 | W67: =+O67*H67 -> 110789 | X67: =+O67*I67 -> 0 | Y67: =+O67*J67 -> 221578 | Z67: =+O67*K67 -> 0
B68: =1+B67 -> 147 | C68: Escala de evidencia fotográfica en vinilo de 5 centímetros en “L “blanca y negra, para toma de fotografías con testigo métrico en Lofoscopia. | D68: Paquete 10 unidades | E68: 5 | F68: 0 | G68: 0 | H68: 1 | I68: 0 | J68: 2 | K68: 2 | L68: =SUM(E68:K68) -> 10 | M68: 102697 | O68: =ROUND(GEOMEAN(M68:N68),0) -> 102697 | P68: =+O68*L68 -> 1026970 | T68: =+O68*E68 -> 513485 | U68: =+O68*F68 -> 0 | V68: =+O68*G68 -> 0 | W68: =+O68*H68 -> 102697 | X68: =+O68*I68 -> 0 | Y68: =+O68*J68 -> 205394 | Z68: =+O68*K68 -> 205394
B69: TOTAL ESTIMADO LOTE 13 | P69: =SUM(P6:P68) -> 80447538 | T69: =SUM(T6:T68) -> 41462769 | U69: =SUM(U6:U68) -> 5933615 | V69: =SUM(V6:V68) -> 3205064 | W69: =SUM(W6:W68) -> 3741784 | X69: =SUM(X6:X68) -> 6198074 | Y69: =SUM(Y6:Y68) -> 16716933 | Z69: =SUM(Z6:Z68) -> 3189299
T70: =+T69+U69+V69+W69+X69+Y69+Z69 -> 80447538
C71: CLASIFICACIÓN DEL BIEN O SERVICIO DE ACUERDO CON EL CLASIFICADOR DE BIENES Y SERVICIOS | D71: 41116100 46151700
C72: CALIDAD MINIMA | D72: No aplica
C73: PATRONES DE DESEMPEÑO MINIMOS | D73: Procesamiento Muestras de Lofoscopia

Sheet LOTE 14
B2: LOTE 14 | H2: ESTUDIO DE MERCADO | I2: HISTORICO 2022 | J2: VALOR UNITARIO ESTIMADO | K2: VALOR TOTAL ESTIMADO | L2: GRAFICA DE DISPERSIÓN | N2: REGIONALIZACIÓN LOTE 14
B3: ITEM | C3: ESPECIFICACIÓN TÉCNICA | D3: UNIDAD DE MEDIDA (PRESENTACION) | E3: DIRECCIÓN REGIONAL NOROCCIDENTE | F3: DIRECCIÓN REGIONAL BOGOTÁ | G3: CANTIDAD TOTAL ESTIMADA | H3: VALOR UNITARIO CON IVA SANITAS | N3: DIRECCIÓN REGIONAL NOROCCIDENTE | O3: DIRECCIÓN REGIONAL BOGOTÁ
B5: 148 | C5: Filtros de carbón activado para cabina de cianocrilato tipo MVC/FILT1 o su equivalente | D5: Unidad | E5: 2 | F5: 2 | G5: =SUM(E5:F5) -> 4 | H5: =905000*1.19 -> 1076950 | I5: =(974610)*(1+(13.12/100)) -> 1102478.8 | J5: =ROUND(GEOMEAN(H5:I5),0) -> 1089640 | K5: =+J5*G5 -> 4358560 | N5: =+J5*E5 -> 2179280 | O5: =+J5*F5 -> 2179280
B6: TOTAL ESTIMADO LOTE 14 | K6: =SUM(K5) -> 4358560 | N6: =+N5+O5 -> 4358560
C8: CLASIFICACIÓN DEL BIEN O SERVICIO DE ACUERDO CON EL CLASIFICADOR DE BIENES Y SERVICIOS | D8: 41116100 46151700
C9: CALIDAD MINIMA | D9: No aplica
C10: PATRONES DE DESEMPEÑO MINIMOS | D10: Procesamiento Muestras de Lofoscopia

Sheet LOTE 15
B2: LOTE 15 | N2: ESTUDIO DE MERCADO | Q2: HISTORICO 2022 | R2: VALOR UNITARIO ESTIMADO | S2: VALOR TOTAL ESTIMADO | T2: GRAFICA DE DISPERSIÓN | V2: REGIONALIZACIÓN LOTE 15
B3: ITEM | C3: ESPECIFICACIÓN TÉCNICA | D3: UNIDAD DE MEDIDA (PRESENTACION) | E3: GRUPO NACIONAL GENETICA CONVENIO CONTRATO ICBF (BOGOTA) | F3: DIRECCIÓN REGIONAL NORORIENTE | G3: DIRECCIÓN REGIONAL SUROCCIDENTE | H3: DIRECCIÓN REGIONAL NOROCCIDENTE | I3: DIRECCIÓN REGIONAL NORTE | J3: DIRECCIÓN REGIONAL SUR | K3: GRUPO NACIONAL DE APOYO AL SISTEMA DE VERDAD JUSTICIA REPARACIÓN Y NO REPETICIÓN -SSF (BOGOTA) | L3: DIRECCIÓN REGIONAL ORIENTE | M3: CANTIDAD TOTAL ESTIMADA | N3: VALOR UNITARIO CON IVA | V3: GRUPO NACIONAL GENETICA CONVENIO CONTRATO ICBF (BOGOTA) | W3: DIRECCIÓN REGIONAL NORORIENTE | X3: DIRECCIÓN REGIONAL SUROCCIDENTE | Y3: DIRECCIÓN REGIONAL NOROCCIDENTE | Z3: DIRECCIÓN REGIONAL NORTE | AA3: DIRECCIÓN REGIONAL SUR | AB3: GRUPO NACIONAL DE APOYO AL SISTEMA DE VERDAD JUSTICIA REPARACIÓN Y NO REPETICIÓN -SSF (BOGOTA) | AC3: DIRECCIÓN REGIONAL ORIENTE
N4: ANNAR | O4: G & G SUCESORES | P4: THERMO FISHER SCIENTIFIC
B5: 149 | C5: Bolsa multibarrera metalizada con cierre de seguridad autoadhesivo para almacenamiento y transporte de tarjetas FTA de dos círculos (bolsa small), medidas externas: 9.5 cm (+1 cm) de ancho x 7.6 cm (+1 cm) de largo, que incluya bolsa desecante | D5: Paquete X 100 | E5: 60 | F5: 0 | G5: 10 | H5: 33 | I5: 3 | J5: 5 | K5: 10 | L5: 53 | M5: =SUM(E5:L5) -> 174 | N5: 904400 | O5: 474810 | Q5: =(300000)*(1+(13.12/100)) -> 339360 | R5: =ROUND(HARMEAN(N5:Q5),0) -> 487129 | S5: =+R5*M5 -> 84760446 | V5: =+R5*E5 -> 29227740 | W5: =+R5*F5 -> 0 | X5: =+R5*G5 -> 4871290 | Y5: =+R5*H5 -> 16075257 | Z5: =+R5*I5 -> 1461387 | AA5: =+R5*J5 -> 2435645 | AB5: =+R5*K5 -> 4871290 | AC5: =+R5*L5 -> 25817837
B6: =1+B5 -> 150 | C6: Tarjetas tipo FTA para recolección de muestras de sangre, dos (2) círculos prediseñados, capacidad mínima 250 micro litros de muestra por tarjeta. | D6: Caja X 100 | E6: 100 | F6: 0 | G6: 0 | H6: 33 | I6: 5 | J6: 1 | K6: 10 | L6: 52 | M6: =SUM(E6:L6) -> 201 | N6: 5687010 | O6: 3094000 | P6: 3634113.6 | Q6: =(2130000)*(1+(13.12/100)) -> 2409456 | R6: =ROUND(HARMEAN(N6:Q6),0) -> 3363472 | S6: =+R6*M6 -> 676057872 | V6: =+R6*E6 -> 336347200 | W6: =+R6*F6 -> 0 | X6: =+R6*G6 -> 0 | Y6: =+R6*H6 -> 110994576 | Z6: =+R6*I6 -> 16817360 | AA6: =+R6*J6 -> 3363472 | AB6: =+R6*K6 -> 33634720 | AC6: =+R6*L6 -> 174900544
B7: =1+B6 -> 151 | C7: Tarjetas tipo FTA para recolección de muestras de sangre, un (1) círculo prediseñados, capacidad mínima 125 micro litros de muestra por tarjeta. | D7: Caja X 100 | E7: 0 | F7: 10 | G7: 0 | H7: 0 | I7: 0 | J7: 0 | K7: 0 | L7: 6 | M7: =SUM(E7:L7) -> 16 | N7: 1875440 | O7: 2516850 | P7: 3094987.7 | R7: =ROUND(HARMEAN(N7:Q7),0) -> 2393044 | S7: =+R7*M7 -> 38288704 | V7: =+R7*E7 -> 0 | W7: =+R7*F7 -> 23930440 | X7: =+R7*G7 -> 0 | Y7: =+R7*H7 -> 0 | Z7: =+R7*I7 -> 0 | AA7: =+R7*J7 -> 0 | AB7: =+R7*K7 -> 0 | AC7: =+R7*L7 -> 14358264
B8: TOTAL ESTIMADO LOTE 15 | S8: =SUM(S5:S7) -> 799107022 | V8: =SUM(V5:V7) -> 365574940 | W8: =SUM(W5:W7) -> 23930440 | X8: =SUM(X5:X7) -> 4871290 | Y8: =SUM(Y5:Y7) -> 127069833 | Z8: =SUM(Z5:Z7) -> 18278747 | AA8: =SUM(AA5:AA7) -> 5799117 | AB8: =SUM(AB5:AB7) -> 38506010 | AC8: =SUM(AC5:AC7) -> 215076645
V9: =+V8+W8+X8+Y8+Z8+AA8+AB8+AC8 -> 799107022
C10: CLASIFICACIÓN DEL BIEN O SERVICIO DE ACUERDO CON EL CLASIFICADOR DE BIENES Y SERVICIOS | D10: 41121800 41104100
C11: CALIDAD MINIMA | D11: No aplica
C12: PATRONES DE DESEMPEÑO MINIMOS | D12: Almacenamiento y recolección de muestras

Sheet TOTALES
B2: LOTES | C2: VALOR TOTAL POR LOTES | H2: MEJORAMIENTO DE LA CAPACIDAD DE ANÁLISIS EN PRUEBAS DE ADN A NIVEL NACIONAL LOTES 6,8,10,13,14 Y 15
B3: LOTE 1 | C3: =+'LOTE 1 '!X35 -> 91799354 | H3: BOGOTA | I3: NOROCCIDENTE | J3: NORORIENTE | K3: OCCIDENTE | L3: SUROCCIDENTE | M3: NORTE | N3: SUR | O3: ORIENTE | P3: DIRECCION GENERAL
B4: LOTE 2 | C4: =+'LOTE 2'!W30 -> 116194626 | H4: =+'LOTE 6'!S8+'LOTE 8'!V11+'LOTE 13'!Y69+'LOTE 14'!O5 -> 51439668 | I4: =+'LOTE 6'!T8+'LOTE 8'!W11+'LOTE 10 '!Q6+'LOTE 13'!T69+'LOTE 14'!N5+'LOTE 15'!Y8 -> 181039724 | J4: =+'LOTE 6'!U8+'LOTE 8'!X11+'LOTE 13'!U69+'LOTE 15'!W8 -> 38047446 | K4: =+'LOTE 6'!V8+'LOTE 13'!V69 -> 5836073 | L4: =+'LOTE 6'!W8+'LOTE 8'!Z11+'LOTE 10 '!R6+'LOTE 15'!X8 -> 35523142 | M4: =+'LOTE 6'!X8+'LOTE 8'!AA11+'LOTE 13'!W69+'LOTE 15'!Z8 -> 27428203 | N4: =+'LOTE 6'!Y8+'LOTE 8'!AB11+'LOTE 10 '!S6+'LOTE 13'!X69+'LOTE 15'!AA8 -> 20966379 | O4: =+'LOTE 8'!AC11+'LOTE 13'!Z69+'LOTE 15'!AC8 -> 219077213 | P4: =+'LOTE 15'!V8+'LOTE 15'!AB8 -> 404080950 | Q4: =SUM(H4:P4) -> 983438798
B5: LOTE 3 | C5: =+'LOTE 3'!R11 -> 2751605 | H5: MEJORAMIENTO DE LA CAPACIDAD EN EL DESARROLLO DE LA BÚSQUEDA E IDENTIFICACIÓN DE PERSONAS DESAPARECIDAS, ENFOQUE DIFERENCIAL Y ATENCIÓN PSICOSOCIAL A VÍCTIMAS EN EL NIVEL NACIONAL Lote 12
B6: LOTE 4 | C6: =+'LOTE 4 '!U13 -> 71563676 | H6: =+'LOTE 12 '!T4 -> 3330180 | I6: =+'LOTE 12 '!V4 -> 3718701 | J6: =+'LOTE 12 '!W4 -> 14708295 | L6: =+'LOTE 12 '!Z4 -> 2220120 | M6: =+'LOTE 12 '!X4 -> 2664144 | N6: =+'LOTE 12 '!Y4 -> 832545 | O6: =+'LOTE 12 '!U4 -> 832545 | Q6: =SUM(H6:P6) -> 28306530
B7: LOTE 5 | C7: =+'LOTE 5'!P7 -> 798179074 | H7: FORTALECIMIENTO DE LA CAPACIDAD Y CALIDAD CIENTÍFICA DE LOS ENSAYOS REALIZADOS EN LOS LABORATORIOS FORENSES NACIONAL Lotes 1,2,3,4,5,7,9 y 11
B8: LOTE 6 | C8: =+'LOTE 6'!P8 -> 89154343 | H8: =+'LOTE 1 '!AA35+'LOTE 2'!Z30+'LOTE 4 '!X13+'LOTE 5'!S7+'LOTE 7 '!W10+'LOTE 9'!Q5+'LOTE 11'!P6 -> 226686854 | I8: =+'LOTE 1 '!AD35+'LOTE 2'!AC30+'LOTE 3'!W11+'LOTE 4 '!AA13+'LOTE 5'!V7+'LOTE 7 '!Y10+'LOTE 11'!R6 -> 373314566 | J8: =+'LOTE 1 '!AE35+'LOTE 2'!AD30+'LOTE 3'!X11+'LOTE 4 '!AB13+'LOTE 7 '!Z10 -> 17130559 | K8: =+'LOTE 1 '!AF35+'LOTE 2'!AE30+'LOTE 4 '!AC13+'LOTE 7 '!AA10 -> 5529038 | L8: =+'LOTE 1 '!AG35+'LOTE 2'!AF30+'LOTE 3'!Y11+'LOTE 4 '!AD13+'LOTE 5'!W7+'LOTE 7 '!AB10+'LOTE 9'!R5+'LOTE 11'!S6 -> 104413592 | M8: =+'LOTE 1 '!AH35+'LOTE 2'!AG30+'LOTE 7 '!AC10 -> 22493820 | N8: =+'LOTE 1 '!AI35+'LOTE 2'!AH30+'LOTE 3'!Z11+'LOTE 4 '!AE13+'LOTE 7 '!AD10+'LOTE 9'!S5 -> 66941962 | O8: =+'LOTE 1 '!AJ35+'LOTE 2'!AI30+'LOTE 3'!AA11+'LOTE 4 '!AF13+'LOTE 5'!X7+'LOTE 7 '!AE10+'LOTE 11'!T6 -> 287392677 | P8: =+'LOTE 1 '!AB35+'LOTE 1 '!AC35+'LOTE 2'!AA30+'LOTE 2'!AB30+'LOTE 3'!V11+'LOTE 4 '!Y13+'LOTE 4 '!Z13+'LOTE 5'!T7+'LOTE 5'!U7+'LOTE 7 '!X10+'LOTE 11'!Q6 -> 152151228 | Q8: =SUM(H8:P8) -> 1256054296
B9: LOTE 7 | C9: =+'LOTE 7 '!T10 -> 93036227 | E9: =+C3+C4+C5+C6+C7+C9+C11+C13 -> 1256054296 | F9: LABORATORIOS | Q9: =SUM(Q4:Q8) -> 2267799624
B10: LOTE 8 | C10: =+'LOTE 8'!S11 -> 9876231
B11: LOTE 9 | C11: =+'LOTE 9'!N6 -> 46663134
B12: LOTE 10 | C12: =+'LOTE 10 '!N7 -> 495104
B13: LOTE 11 | C13: =+'LOTE 11'!M7 -> 35866600
B14: LOTE 12 | C14: =+'LOTE 12 '!Q5 -> 28306530 | E14: =+C14 -> 28306530 | F14: VICTIMAS
B15: LOTE 13 | C15: =+'LOTE 13'!P69 -> 80447538
B16: LOTE 14 | C16: =+'LOTE 14'!K6 -> 4358560
B17: LOTE 15 | C17: =+'LOTE 15'!S8 -> 799107022 | E17: =+C17+C16+C15+C8+C10+C12 -> 983438798 | F17: ADN REC 11
B18: TOTAL PROCESO | C18: =SUM(C3:C17) -> 2267799624 | E18: =SUM(E9:E17) -> 2267799624
